Workbook
Name ColRangeStyle1: #REF!
Name ColRangeStyle1: '12.LandbyAgency'!$B$19:$B$30

Sheet Title Page
A15: FY 2025 Federal Real Property Profile (FRPP) Summary Data Set

Sheet Introduction
A2: FY 2025 Federal Real Property Profile (FRPP) Summary Data Set
A5: The General Services Administration (GSA) Office of Government-wide Policy (OGP) collects data from federal agencies pertaining to real property, personal property, aviation, mail, and motor vehicle assets. These data sets have been published and made available to the public by GSA on an annual basis. As part of a larger comprehensive review of GSA programs, OGP is reviewing data collection efforts to potentially reduce, streamline, and eliminate unnecessary reporting that is not required by law. GSA is interested in your feedback as to the usefulness of the data and whether GSA should continue to collect and publish discretionary data sets. Please share any comments via email at ogpdata@gsa.gov.
A6: The following CFO Act agencies exclusively acquire and occupy real estate through GSA: Department of Education, Department of Housing and Urban Development, National Science Foundation (NSF), Nuclear Regulatory Commission, Office of Personnel Management, Small Business Administration, and Social Security Administration. The same is true for many of the non-CFO Act agencies. Consequently, these agencies do not report any real property assets to the FRPP system; these assets are reported by GSA. (The FRPP data that NSF had reported in prior years was space that was controlled by organizations awarded grants by NSF. This space was not controlled by NSF, nor occupied by NSF employees. In 2016, there was a mutual agreement between NSF, GSA, and OMB that NSF would no longer report data to the FRPP.)
A7: This Summary Data Set contains data for agencies subject to the CFO Act, and non-CFO Act agencies. The Federal Asset Sales and Transfer Act of 2016 (FASTA) and the Federal Property Management Reform Act of 2016 (FPMRA) both require that all Executive branch agencies report to the FRPP.
A8: Note the definitions provided in this document are derived from the FRPP Data Dictionary which can be found at www.gsa.gov/datadictionary.
A9: Blank cells represent instances where agencies did not report data.

Sheet CFO vs Non-CFO
A1: CFO Act agencies (reporting to FRPP): | C1: Non-CFO Act agencies (reporting to FRPP):
A3: Agriculture | C3: Appalachian Regional Commission
A4: Commerce | C4: US Agency for Global Media
A5: War* | C5: Chemical Safety And Hazard Investigation Board
A6: Energy | C6: Commodity Futures Trading Commission
A7: Environmental Protection Agency | C7: Corporation For National And Community Service
A8: General Services Administration | C8: DC Court Services & Offender Supervision Agency
A9: Health and Human Services | C9: Federal Communications Commission
A10: Homeland Security | C10: Federal Housing Finance Agency
A11: Interior | C11: Federal Retirement Thrift Investment Board
A12: Justice | C12: Inter-American Foundation
A13: Labor | C13: James Madison Memorial Fellowship Foundation
... A19: Veterans Affairs | C19: Pension Benefit Guaranty Corporation (reports under Labor)
C20: Pretrial Services For D.C.
C21: Presidio Trust
C22: Securities And Exchange Commission
C23: Tennessee Valley Authority
C24: United States Holocaust Memorial Museum
A31: CFO Act agencies (not reporting to FRPP): | C31: Non-CFO Act agencies (not reporting to FRPP):
A33: Education | C33: Barry Goldwater Scholarship And Excellence In Education Foundation
A34: Housing and Urban Development | C34: Export-Import Bank Of The United States
A35: National Science Foundation | C35: FARM CREDIT ADMINISTRATION
A36: Nuclear Regulatory Commission | C36: DELTA REGIONAL AUTHORITY
A37: Office of Personnel Management | C37: OFFICE OF NAVAJO AND HOPI INDIAN RELOCATION
A38: Small Business Administration | C38: NATIONAL TRANSPORTATION SAFETY BOARD
A39: Social Security Administration | C39: MERIT SYSTEMS PROTECTION BOARD
C40: SMITHSONIAN
C41: Public Defender Service D.C.
C42: Overseas Private Investment
C43: Vietnam Education Foundation

Sheet Index
A2: FY 2025 Federal Real Property Profile (FRPP) Summary Data Set†
A3: United States and United States Territories
A6: Index of Tables*
A8: Table 1 | B8: FY 2023 - FY 2025 - Key Statistics
A9: Table 2 | B9: FY 2023 - FY 2025 - Cost per Square Feet of Buildings
A10: Table 3 | B10: FY 2025 - Buildings Real Property Use by Square Footage and Costs
A11: Table 4 | B11: FY 2023 - FY 2025 - Buildings Real Property Use Trend by Square Footage and Costs
A12: Table 5 | B12: FY 2023 - FY 2025 - Office Square Footage Trend by Agency
A13: Table 6 | B13: FY 2023 - FY 2025 - Warehouse Square Footage Trend by Agency
A14: Table 7 | B14: FY 2025 - Buildings Square Footage and Costs by Agency
A15: Table 8 | B15: FY 2025 - Utilization of Buildings
A16: Table 9 | B16: FY 2025 - Total Buildings Square Footage by State
A17: Table 10 | B17: FY 2025 - Number of Structures and Costs by Agency
A18: Table 11 | B18: FY 2025 - Structures Real Property Use by Number and Costs
A19: Table 12 | B19: FY 2025 - Land Acreage and Costs by Agency
... A41: Table 33 | B41: FY 2023 - FY 2025 - Building Lease Expirations
B42: † This data is provided in accordance with OMB Memorandum M-13-13, Open Data Policy-Managing Information as an Asset (May 9, 2013).
B43: * The data is provided for Chief Financial Officer (CFO) Act Agencies, unless labeled as "Non-CFO Act Agencies." CFO Act of 1990, 31 U.S.C. § 901 (b)(1) can be accessed at: http://www.gpo.gov/fdsys/pkg/USCODE-2011-title31/pdf/USCODE-2011-title31-subtitleI-chap9-sec901.pdf.

Sheet 1.Key Stats
A1: Table 1: FY 2023 - FY 2025 U.S. and U.S. Territories - Key Statistics†*
C3: FY 2023 Civilian Agencies | G3: FY 2024 Civilian Agencies | K3: FY 2025 Civilian Agencies
C4: Owned | D4: Leased | E4: Otherwise Managed** | F4: Total | G4: Owned | H4: Leased | I4: Otherwise Managed** | J4: Total | K4: Owned | L4: Leased | M4: Otherwise Managed** | N4: Total
A5: Buildings | B5: Total Number | C5: 110256 | D5: 13523 | E5: 777 | F5: 124556 | G5: 110415 | H5: 13843 | I5: 770 | J5: 125028 | K5: 109529 | L5: 13693 | M5: 736 | N5: 123958
B6: Total Square Feet | C6: 8.9403215e+08 | D6: 2.424503e+08 | E6: 2330328 | F6: 1.1388128e+09 | G6: 8.9069105e+08 | H6: 2.4372948e+08 | I6: 2171206.6 | J6: 1.1365917e+09 | K6: 8.9688794e+08 | L6: 2.3957422e+08 | M6: 2256815.6 | N6: 1.138719e+09
B7: Total Annual Costs | C7: 1.0216375e+10 | D7: 7.7715972e+09 | E7: 12106843 | F7: 1.8000079e+10 | G7: 1.0108951e+10 | H7: 7.6734955e+09 | I7: 15192819 | J7: 1.779764e+10 | K7: 1.0742696e+10 | L7: 7.7877839e+09 | M7: 14448282 | N7: 1.8544928e+10
A8: Structures | B8: Total Number | C8: 175488 | D8: 2673 | E8: 813 | F8: 178974 | G8: 176457 | H8: 2572 | I8: 767 | J8: 179796 | K8: 174389 | L8: 2493 | M8: 781 | N8: 177663
B9: Total Annual Costs | C9: 2.8062502e+09 | D9: 79605987 | E9: 7309743.6 | F9: 2.8931659e+09 | G9: 2.8152715e+09 | H9: 94515494 | I9: 6953740 | J9: 2.9167407e+09 | K9: 2.9569343e+09 | L9: 98288842 | M9: 6392605.8 | N9: 3.0616157e+09
A10: Land*** | B10: Total Acres | C10: 3318383.2 | D10: 130025.65 | E10: 5592623.1 | F10: 9041031.9 | G10: 3306773.2 | H10: 129686.93 | I10: 5596452.2 | J10: 9032912.3 | K10: 3306999 | L10: 127863.79 | M10: 5595534.4 | N10: 9030397.3
B11: Total Annual Costs | C11: 1.5441823e+08 | D11: 50452594 | E11: 317850.92 | F11: 2.0518867e+08 | G11: 1.630271e+08 | H11: 50752722 | I11: 242237.61 | J11: 2.1402206e+08 | K11: 1.7462375e+08 | L11: 47626438 | M11: 168418.92 | N11: 2.2241861e+08
A12: Annual Costs**** | B12: Total Annual Costs (Buildings, Structures, Land) | C12: 1.3177044e+10 | D12: 7.9016557e+09 | E12: 19734438 | F12: 2.1098434e+10 | G12: 1.308725e+10 | H12: 7.8187637e+09 | I12: 22388797 | J12: 2.0928402e+10 | K12: 1.3874254e+10 | L12: 7.9336992e+09 | M12: 21009306 | N12: 2.1828963e+10
C14: FY 2023 Dept of War | G14: FY 2024 Dept of War | K14: FY 2025 Dept of War
C15: Owned | D15: Leased | E15: Otherwise Managed** | F15: Total | G15: Owned | H15: Leased | I15: Otherwise Managed** | J15: Total | K15: Owned | L15: Leased | M15: Otherwise Managed** | N15: Total
A16: Buildings | B16: Total Number | C16: 133459 | D16: 4853 | E16: 14543 | F16: 152855 | G16: 136510 | H16: 5007 | I16: 14603 | J16: 156120 | K16: 136226 | L16: 4919 | M16: 14046 | N16: 155191
B17: Total Square Feet | C17: 1.5156896e+09 | D17: 35370396 | E17: 1.2192193e+08 | F17: 1.6729819e+09 | G17: 1.5427147e+09 | H17: 35187781 | I17: 1.2301929e+08 | J17: 1.7009218e+09 | K17: 1.5357013e+09 | L17: 38874260 | M17: 1.2107054e+08 | N17: 1.6956461e+09
B18: Total Annual Costs | C18: 87643581 | D18: 7.84024e+08 | E18: 5796747 | F18: 8.7746433e+08 | G18: 7.2054331e+09 | H18: 757530515 | I18: 6.7256382e+08 | J18: 8.6355275e+09 | K18: 7.1227063e+09 | L18: 8.2106066e+08 | M18: 6.6229317e+08 | N18: 8.6060601e+09
A19: Structures | B19: Total Number | C19: 312786 | D19: 601 | E19: 91247 | F19: 404634 | G19: 326725 | H19: 594 | I19: 93345 | J19: 420664 | K19: 334737 | L19: 635 | M19: 94478 | N19: 429850
B20: Total Annual Costs | C20: 1.4399836e+11 | D20: 6008263.3 | E20: 6710602 | F20: 1.4401108e+11 | G20: 1.3945589e+11 | H20: 6074694.2 | I20: 3.2033812e+08 | J20: 1.397823e+11 | K20: 1.3961268e+11 | L20: 25246842 | M20: 3.4557579e+08 | N20: 1.3998351e+11
A21: Land*** | B21: Total Acres | C21: 16196343 | D21: 1692967 | E21: 668743.38 | F21: 18558054 | G21: 16124296 | H21: 1523967.5 | I21: 653436.15 | J21: 18301700 | K21: 16186950 | L21: 1522864.9 | M21: 656436.22 | N21: 18366251
B22: Total Annual Costs | C22: 49917.96 | D22: 650112.01 | E22: 0 | F22: 700029.97 | G22: 49917.96 | H22: 730789.51 | I22: 0 | J22: 780707.47 | K22: 49917.96 | L22: 1025845.9 | M22: 0 | N22: 1075763.9
A23: Annual Costs**** | B23: Total Annual Costs (Buildings, Structures, Land) | C23: 1.4408605e+11 | D23: 7.9068237e+08 | E23: 12507349 | F23: 1.4488924e+11 | G23: 1.4666137e+11 | H23: 7.64336e+08 | I23: 9.9290194e+08 | J23: 1.4841861e+11 | K23: 1.4673544e+11 | L23: 8.4733335e+08 | M23: 1.007869e+09 | N23: 1.4859064e+11
C25: FY 2023 Civilian and Dept of War | G25: FY 2024 Civilian and Dept of War | K25: FY 2025 Civilian and Dept of War
C26: Owned | D26: Leased | E26: Otherwise Managed** | F26: Total | G26: Owned | H26: Leased | I26: Otherwise Managed** | J26: Total | K26: Owned | L26: Leased | M26: Otherwise Managed** | N26: Total
A27: Buildings | B27: Total Number | C27: 243715 | D27: 18376 | E27: 15320 | F27: 277411 | G27: 246925 | H27: 18850 | I27: 15373 | J27: 281148 | K27: 245755 | L27: 18612 | M27: 14782 | N27: 279149
B28: Total Square Feet | C28: 2.4097217e+09 | D28: 2.7782069e+08 | E28: 1.2425226e+08 | F28: 2.8117947e+09 | G28: 2.4334057e+09 | H28: 2.7891727e+08 | I28: 1.251905e+08 | J28: 2.8375135e+09 | K28: 2.4325892e+09 | L28: 2.7844848e+08 | M28: 1.2332736e+08 | N28: 2.8343651e+09
B29: Total Annual Costs | C29: 1.0304019e+10 | D29: 8.5556212e+09 | E29: 17903590 | F29: 1.8877544e+10 | G29: 1.7314384e+10 | H29: 8.431026e+09 | I29: 6.8775664e+08 | J29: 2.6433167e+10 | K29: 1.7865402e+10 | L29: 8.6088446e+09 | M29: 6.7674145e+08 | N29: 2.7150988e+10
A30: Structures | B30: Total Number | C30: 488274 | D30: 3274 | E30: 92060 | F30: 583608 | G30: 503182 | H30: 3166 | I30: 94112 | J30: 600460 | K30: 509126 | L30: 3128 | M30: 95259 | N30: 607513
B31: Total Annual Costs | C31: 1.4680461e+11 | D31: 85614250 | E31: 14020346 | F31: 1.4690424e+11 | G31: 1.4227116e+11 | H31: 1.0059019e+08 | I31: 3.2729186e+08 | J31: 1.4269904e+11 | K31: 1.4256962e+11 | L31: 1.2353568e+08 | M31: 3.519684e+08 | N31: 1.4304512e+11
A32: Land*** | B32: Total Acres | C32: 19514726 | D32: 1822992.7 | E32: 6261366.5 | F32: 27599085 | G32: 19431069 | H32: 1653654.4 | I32: 6249888.3 | J32: 27334612 | K32: 19493949 | L32: 1650728.7 | M32: 6251970.7 | N32: 27396648
B33: Total Annual Costs | C33: 1.5446815e+08 | D33: 51102706 | E33: 317850.92 | F33: 2.058887e+08 | G33: 1.6307702e+08 | H33: 51483512 | I33: 242237.61 | J33: 2.1480277e+08 | K33: 1.7467367e+08 | L33: 48652284 | M33: 168418.92 | N33: 2.2349437e+08
A34: Annual Costs**** | B34: Total Annual Costs (Buildings, Structures, Land) | C34: 1.572631e+11 | D34: 8.6923381e+09 | E34: 32241787 | F34: 1.6598768e+11 | G34: 1.5974862e+11 | H34: 8.5830997e+09 | I34: 1.0152907e+09 | J34: 1.6934701e+11 | K34: 1.6060969e+11 | L34: 8.7810326e+09 | M34: 1.0288783e+09 | N34: 1.704196e+11
A49: † All real property data from the Chief Financial Officers (CFO) Act agencies required to submit data to the FRPP.
A50: * This report focuses on FRPP data for assets in the U.S. and U.S. territories.
A51: ** Otherwise Managed includes state government owned, tribally owned, foreign government owned, museum trust, and withdrawn land.
A52: *** Does not include public domain land.
A53: **** Note: Annual cost data captured for owned and leased facilities does not align, making comparisons across categories ineffective. Annual Costs for owned assets is the total of Operating and Maintenance costs; for leased assets, it is the total of Operating costs, Maintenance costs and Rent, in order to capture the full cost of the asset.

Sheet 2.CostSF
A1: Table 2: FY 2023 - FY 2025 U.S. and U.S. Territories - Cost per Square Feet of Buildings†
A3: Fiscal Year | B3: Owned Annual O&M Costs | C3: Owned Square Feet | D3: Owned Annual O&M Costs/ Square Feet | E3: Leased Annual Costs* | F3: Leased Square Feet | G3: Leased Annual Costs/ Square Feet* | H3: Otherwise Managed Annual Costs** | I3: Otherwise Managed Square Feet** | J3: Otherwise Managed Annual Costs/ Square Feet**
A4: FY 2025 | B4: 1.7865402e+10 | C4: 2.4325892e+09 | D4: 7.3441921 | E4: 8.6088446e+09 | F4: 2.7844848e+08 | G4: 30.91719 | H4: 6.7674145e+08 | I4: 1.2332736e+08 | J4: 5.4873586
A5: FY 2024 | B5: 1.7315152e+10 | C5: 2.4334815e+09 | D5: 7.1153827 | E5: 8.4353652e+09 | F5: 2.7900925e+08 | G5: 30.233282 | H5: 6.8775664e+08 | I5: 1.251905e+08 | J5: 5.4936808
A6: FY 2023 | B6: 1.030424e+10 | C6: 2.4097975e+09 | D6: 4.2759778 | E6: 8.5610218e+09 | F6: 2.7791268e+08 | G6: 30.804719 | H6: 17903590 | I6: 1.2408778e+08 | J6: 0.14428166
A8: † All real property data from the CFO Act agencies required to submit data to the FRPP.
A9: * Includes operations and maintenance costs and rent.
A10: ** Otherwise Managed includes state government owned, tribally owned, foreign government owned, and museum trust.
A11: Note: Annual cost data captured for owned and leased facilities does not align, making comparisons across categories ineffective. Annual Costs for owned assets is the total of Operating and Maintenance costs; for leased assets, it is the total of Operating costs, Maintenance costs and Rent, in order to capture the full cost of the asset.

Sheet 3.Bldg Use
A1: Table 3: FY 2025 U.S. and U.S. Territories - Buildings Real Property Use by Square Footage and Costs†
A3: Buildings Real Property Use* | B3: Owned Square Feet | C3: Owned Annual O&M Cost | D3: Owned Annual O&M Costs / Square Feet | E3: Leased Square Feet | F3: Leased Annual Costs** | G3: Leased Annual Costs/ Square Feet** | H3: Otherwise Managed Square Feet*** | I3: Otherwise Managed Annual O&M Costs*** | J3: Otherwise Managed Annual O&M Costs/ Square Feet***
A4: Office | B4: 4.2046787e+08 | C4: 2.9697669e+09 | D4: 7.0630056 | E4: 1.5801908e+08 | F4: 5.4361337e+09 | G4: 34.401756 | H4: 6393086.4 | I4: 32979316 | J4: 5.1585907
A5: Service | B5: 3.8800362e+08 | C5: 2.1740663e+09 | D5: 5.6032113 | E5: 4629864 | F5: 36954327 | G5: 7.9817306 | H5: 18252465 | I5: 90200291 | J5: 4.9418143
A6: Warehouses | B6: 2.7514603e+08 | C6: 8.1675366e+08 | D6: 2.968437 | E6: 26570222 | F6: 3.7319672e+08 | G6: 14.045676 | H6: 15802989 | I6: 40163287 | J6: 2.5414994
A7: Dormitories/Barracks | B7: 2.2138738e+08 | C7: 1.2153732e+09 | D7: 5.4898032 | E7: 1274122 | F7: 14287913 | G7: 11.213928 | H7: 7461933.4 | I7: 19991475 | J7: 2.679128
A8: School | B8: 1.9145879e+08 | C8: 1.1363509e+09 | D8: 5.9352248 | E8: 3198205 | F8: 36508243 | G8: 11.415229 | H8: 66522914 | I8: 4.6206154e+08 | J8: 6.9459004
A9: Laboratories | B9: 1.809903e+08 | C9: 2.6412925e+09 | D9: 14.593558 | E9: 4540473 | F9: 1.7606717e+08 | G9: 38.777276 | H9: 331715 | I9: 1139390 | J9: 3.4348463
A10: Other Institutional Uses | B10: 1.6459674e+08 | C10: 1.1011885e+09 | D10: 6.6902208 | E10: 3281060.6 | F10: 49753858 | G10: 15.163956 | H10: 3604590.4 | I10: 11937010 | J10: 3.3116134
A11: Hospital | B11: 1.1650253e+08 | C11: 1.6370747e+09 | D11: 14.051838 | E11: 625540 | F11: 21099069 | G11: 33.729369 | H11: 3133 | I11: 0 | J11: 0
A12: Industrial | B12: 1.0609721e+08 | C12: 1.1830942e+09 | D12: 11.15104 | E12: 1677033.1 | F12: 10265973 | G12: 6.1215091 | H12: 836663.46 | I12: 4953184.3 | J12: 5.9201633
A13: All Other**** | B13: 92032321 | C13: 5.0942848e+08 | D13: 5.5353215 | E13: 8127759.7 | F13: 1.8121632e+08 | G13: 22.295974 | H13: 1774336.4 | I13: 3552058 | J13: 2.0019079
A14: Courthouse | B14: 78860491 | C14: 5.6628842e+08 | D14: 7.1808889 | E14: 4255430.7 | F14: 1.4067772e+08 | G14: 33.058397 | H14: 0 | I14: 0
A15: Family Housing | B15: 42791682 | C15: 2.3995116e+08 | D15: 5.6074254 | E15: 2557291.3 | F15: 30468683 | G15: 11.914436 | H15: 627940.36 | I15: 517124.49 | J15: 0.82352484
A16: Prisons and Detention Centers | B16: 42636913 | C16: 3.0794884e+08 | D16: 7.2225875 | E16: 110450.92 | F16: 1368895.2 | G16: 12.393697 | H16: 10370 | I16: 41883.11 | J16: 4.0388727
A17: Outpatient Healthcare Facility | B17: 40989037 | C17: 5.1013862e+08 | D17: 12.445733 | E17: 20431330 | F17: 8.9198029e+08 | G17: 43.657475 | H17: 196963.47 | I17: 1248539.6 | J17: 6.3389399
A18: Communications Systems | B18: 20646658 | C18: 2.1580682e+08 | D18: 10.452385 | E18: 688265.57 | F18: 9415497.5 | G18: 13.680036 | H18: 220435.78 | I18: 1463783.2 | J18: 6.6404068
A19: Navigation and Traffic Aids | B19: 12664654 | C19: 2.8688757e+08 | D19: 22.652618 | E19: 765061.01 | F19: 20166146 | G19: 26.358873 | H19: 119434 | I19: 1180028.9 | J19: 9.8801757
A20: Child Care Center | B20: 9454312.3 | C20: 37365221 | D20: 3.9521881 | E20: 46708.95 | F20: 1130043.4 | G20: 24.193295 | H20: 11371 | I20: 51185.7 | J20: 4.5014247
A21: Museum | B21: 7632653.8 | C21: 40532545 | D21: 5.3104131 | E21: 345476 | F21: 866799.26 | G21: 2.5089999 | H21: 595763.36 | I21: 2307740 | J21: 3.873585
A22: Land Port of Entry | B22: 5516969.1 | C22: 84072869 | D22: 15.238959 | E22: 1032212.8 | F22: 26805332 | G22: 25.968804 | H22: 0 | I22: 0
A23: Facility Security | B23: 4452346.5 | C23: 24164979 | D23: 5.4274705 | E23: 71230 | F23: 3772401.4 | G23: 52.96085 | H23: 510084.06 | I23: 2764279.4 | J23: 5.4192624
A24: Data Centers | B24: 3164692.9 | C24: 82225013 | D24: 25.981988 | E24: 384351 | F24: 21636073 | G24: 56.292485 | H24: 0 | I24: 0
A25: Border/Inspection Station | B25: 2379810.9 | C25: 44083831 | D25: 18.52409 | E25: 1476328.8 | F25: 52279646 | G25: 35.411926 | H25: 24250 | I25: 400 | J25: 0.016494845
A26: Comfort Station/Restrooms | B26: 1827717.2 | C26: 22504030 | D26: 12.312643 | E26: 4852 | F26: 143359.68 | G26: 29.546513 | H26: 7732 | I26: 99172.156 | J26: 12.826197
A27: Public Facing Facility | B27: 1601793.6 | C27: 9400899.8 | D27: 5.8689831 | E27: 29623464 | F27: 8.5521972e+08 | G27: 28.869673 | H27: 0 | I27: 0
A28: Post Office | B28: 1060166.2 | C28: 6806603.8 | D28: 6.4203174 | E28: 0 | F28: 0 | H28: 16020 | I28: 89764.19 | J28: 5.6032578
A29: Aviation Security Related | B29: 226528 | C29: 2835658.5 | D29: 12.517916 | E29: 4712671.1 | F29: 2.1743067e+08 | G29: 46.137459 | H29: 3171 | I29: 0 | J29: 0
A30: Total | B30: =SUM(B4:B29) -> 2.4325892e+09 | C30: =SUM(C4:C29) -> 1.7865402e+10 | D30: ='3.Bldg Use'!$C30/'3.Bldg Use'!$B30 -> 7.3441921 | E30: =SUM(E4:E29) -> 2.7844848e+08 | F30: =SUM(F4:F29) -> 8.6088446e+09 | G30: ='3.Bldg Use'!$F30/'3.Bldg Use'!$E30 -> 30.91719 | H30: =SUM(Table_2[Otherwise Managed Square Feet***]) -> 1.2332736e+08 | I30: =SUM(Table_2[Otherwise Managed Annual O&M Costs***]) -> 6.7674145e+08 | J30: ='3.Bldg Use'!$I30/'3.Bldg Use'!$H30 -> 5.4873586
A32: † All real property data from the CFO Act agencies required to submit data to the FRPP.
A33: * For detailed definitions of real property use categories of buildings, see FRPP data dictionary, www.gsa.gov/datadictionary.
A34: ** Includes operations and maintenance costs and rent.
A35: *** Otherwise Managed includes state government owned, tribally owned, foreign government owned, and museum trust.
A36: **** The All Other category is defined as "buildings that cannot be classified elsewhere."

Sheet 4.BldgUseTrend
A1: Table 4: FY 2023 - FY 2025 U.S. and U.S. Territories - Buildings Real Property Use Trend by Square Footage (SF) and Annual Costs (AC)†*
A3: Real Property Use** | B3: FY 2023 SF | C3: FY 2023 AC*** | D3: FY 2024 SF | E3: FY 2024 AC*** | F3: FY 2025 SF | G3: FY 2025 AC***
A4: Office | B4: 598723929 | C4: 7908130304 | D4: 601084023 | E4: 8374144978 | F4: 584880028 | G4: 8438879972
A5: Service | B5: 407678088 | C5: 764664446 | D5: 410846617 | E5: 2236395991 | F5: 410885950 | G5: 2301220879
A6: Warehouses | B6: 312673371 | C6: 710174497 | D6: 319371133 | E6: 1175463452 | F6: 317519241 | G6: 1230113657
A7: School | B7: 256574806 | C7: 254241633 | D7: 259996087 | E7: 1621099065 | F7: 261179905 | G7: 1634920718
A8: Dormitories/Barracks | B8: 227884915 | C8: 198381949 | D8: 228869505 | E8: 1256337313 | F8: 230123440 | G8: 1249652550
A9: Laboratories | B9: 184456326 | C9: 2116890621 | D9: 187649247 | E9: 2762195322 | F9: 185862493 | G9: 2818499094
A10: Other Institutional Uses | B10: 167463975 | C10: 484102134 | D10: 168954114 | E10: 1138505117 | F10: 171482390 | G10: 1162879385
A11: Hospital | B11: 118486096 | C11: 1377699484 | D11: 117651496 | E11: 1641721591 | F11: 117131202 | G11: 1658173744
A12: Industrial | B12: 102794601 | C12: 1009239006 | D12: 107260430 | E12: 1162570865 | F12: 108610906 | G12: 1198313365
A13: All Other***** | B13: 100652516 | C13: 441674065 | D13: 101325756 | E13: 706825905 | F13: 101934417 | G13: 694196861
A14: Courthouse | B14: 84966292 | C14: 672500969 | D14: 80763107 | E14: 678062923 | F14: 83115921 | G14: 706966138
A15: Outpatient Healthcare Facility | B15: 62712291 | C15: 945770733 | D15: 64744797 | E15: 1344105397 | F15: 61617330 | G15: 1403367447
... A29: Post Office | B29: 1056208 | C29: 402909 | D29: 1100248 | E29: 7417362 | F29: 1076186 | G29: 6896368
A30: Total | B30: =SUBTOTAL(109,'4.BldgUseTrend'!$B$4:$B$29) -> 2811962390 | C30: =SUBTOTAL(109,'4.BldgUseTrend'!$C$4:$C$29) -> 18883165881 | D30: =SUBTOTAL(109,'4.BldgUseTrend'!$D$4:$D$29) -> 2837681220 | E30: =SUBTOTAL(109,'4.BldgUseTrend'!$E$4:$E$29) -> 26438273841 | F30: =SUBTOTAL(109,'4.BldgUseTrend'!$F$4:$F$29) -> 2834365055 | G30: =SUBTOTAL(109,'4.BldgUseTrend'!$G$4:$G$29) -> 27150988469
A32: † All real property data from the CFO Act agencies required to submit data to the FRPP.
A33: * Includes Federal Government owned, tribally owned, foreign government owned, museum trust, state government owned, and leased assets.
A34: ** For detailed definitions of real property use categories of buildings, see FRPP data dictionary, www.gsa.gov/datadictionary.
A35: *** AC refers to annual costs. Annual Costs for owned assets is the total of Operating and Maintenance costs; for leased assets, it is the total of Operating costs, Maintenance costs and Rent, in order to capture the full cost of the asset.
A36: **** The All Other category is defined as "buildings that cannot be classified elsewhere."

Sheet 5.OfficeTrendbyAgency
A1: Table 5: FY 2023 - FY 2025 U.S. and U.S. Territories - Office Square Footage Trend by Agency†*
B3: Office
B4: FY 2023 | D4: FY 2024 | F4: FY 2025 | H4: FY 2024 - FY 2025
A5: Department or Agency | B5: Number of Assets | C5: Square Feet | D5: Number of Assets | E5: Square Feet | F5: Number of Assets | G5: Square Feet | H5: % Change Number of Assets | I5: % Change Square Feet
A6: Air Force Department | B6: 2513 | C6: 56204748 | D6: 2566 | E6: 57983268 | F6: 2578 | G6: 57683549 | H6: =('5.OfficeTrendbyAgency'!$F6-'5.OfficeTrendbyAgency'!$D6)/'5.OfficeTrendbyAgency'!$F6 -> 0.0046547711 | I6: =('5.OfficeTrendbyAgency'!$G6-'5.OfficeTrendbyAgency'!$E6)/'5.OfficeTrendbyAgency'!$E6 -> -0.0051690572
A7: Army Department | B7: 9627 | C7: 1.2661156e+08 | D7: 9787 | E7: 1.2854277e+08 | F7: 9619 | G7: 1.2428349e+08 | H7: =('5.OfficeTrendbyAgency'!$F7-'5.OfficeTrendbyAgency'!$D7)/'5.OfficeTrendbyAgency'!$F7 -> -0.017465433 | I7: =('5.OfficeTrendbyAgency'!$G7-'5.OfficeTrendbyAgency'!$E7)/'5.OfficeTrendbyAgency'!$E7 -> -0.033135146
A8: Corps of Engineers | B8: 385 | C8: 3565371.1 | D8: 392 | E8: 3796307.1 | F8: 413 | G8: 4274765.6 | H8: =('5.OfficeTrendbyAgency'!$F8-'5.OfficeTrendbyAgency'!$D8)/'5.OfficeTrendbyAgency'!$F8 -> 0.050847458 | I8: =('5.OfficeTrendbyAgency'!$G8-'5.OfficeTrendbyAgency'!$E8)/'5.OfficeTrendbyAgency'!$E8 -> 0.12603261
A9: Dept of War/WHS | B9: 66 | C9: 11042032 | D9: 66 | E9: 12840117 | F9: 57 | G9: 12496679 | H9: =('5.OfficeTrendbyAgency'!$F9-'5.OfficeTrendbyAgency'!$D9)/'5.OfficeTrendbyAgency'!$F9 -> -0.15789474 | I9: =('5.OfficeTrendbyAgency'!$G9-'5.OfficeTrendbyAgency'!$E9)/'5.OfficeTrendbyAgency'!$E9 -> -0.026747228
A10: Department of Agriculture | B10: 3722 | C10: 18093926 | D10: 3717 | E10: 17962372 | F10: 1236 | G10: 6835530 | H10: =('5.OfficeTrendbyAgency'!$F10-'5.OfficeTrendbyAgency'!$D10)/'5.OfficeTrendbyAgency'!$F10 -> -2.0072816 | I10: =('5.OfficeTrendbyAgency'!$G10-'5.OfficeTrendbyAgency'!$E10)/'5.OfficeTrendbyAgency'!$E10 -> -0.61945282
A11: Department of Commerce | B11: 196 | C11: 3011823 | D11: 196 | E11: 2926563.6 | F11: 195 | G11: 2960997.6 | H11: =('5.OfficeTrendbyAgency'!$F11-'5.OfficeTrendbyAgency'!$D11)/'5.OfficeTrendbyAgency'!$F11 -> -0.0051282051 | I11: =('5.OfficeTrendbyAgency'!$G11-'5.OfficeTrendbyAgency'!$E11)/'5.OfficeTrendbyAgency'!$E11 -> 0.011766018
A12: Department of Energy | B12: 2047 | C12: 21825665 | D12: 2057 | E12: 21550500 | F12: 1901 | G12: 20515605 | H12: =('5.OfficeTrendbyAgency'!$F12-'5.OfficeTrendbyAgency'!$D12)/'5.OfficeTrendbyAgency'!$F12 -> -0.082062073 | I12: =('5.OfficeTrendbyAgency'!$G12-'5.OfficeTrendbyAgency'!$E12)/'5.OfficeTrendbyAgency'!$E12 -> -0.048021856
A13: Department of Health and Human Services | B13: 247 | C13: 5159257.1 | D13: 208 | E13: 6264963.7 | F13: 207 | G13: 5035860.9 | H13: =('5.OfficeTrendbyAgency'!$F13-'5.OfficeTrendbyAgency'!$D13)/'5.OfficeTrendbyAgency'!$F13 -> -0.0048309179 | I13: =('5.OfficeTrendbyAgency'!$G13-'5.OfficeTrendbyAgency'!$E13)/'5.OfficeTrendbyAgency'!$E13 -> -0.19618674
A14: Department of Homeland Security | B14: 437 | C14: 4877438.2 | D14: 456 | E14: 4990148.1 | F14: 549 | G14: 5393522.9 | H14: =('5.OfficeTrendbyAgency'!$F14-'5.OfficeTrendbyAgency'!$D14)/'5.OfficeTrendbyAgency'!$F14 -> 0.16939891 | I14: =('5.OfficeTrendbyAgency'!$G14-'5.OfficeTrendbyAgency'!$E14)/'5.OfficeTrendbyAgency'!$E14 -> 0.080834242
A15: Department of Justice | B15: 73 | C15: 1994298 | D15: 74 | E15: 2013926 | F15: 76 | G15: 2048968 | H15: =('5.OfficeTrendbyAgency'!$F15-'5.OfficeTrendbyAgency'!$D15)/'5.OfficeTrendbyAgency'!$F15 -> 0.026315789 | I15: =('5.OfficeTrendbyAgency'!$G15-'5.OfficeTrendbyAgency'!$E15)/'5.OfficeTrendbyAgency'!$E15 -> 0.017399845
A16: Department of Labor | B16: 150 | C16: 1091942 | D16: 152 | E16: 1038087 | F16: 150 | G16: 1032317 | H16: =('5.OfficeTrendbyAgency'!$F16-'5.OfficeTrendbyAgency'!$D16)/'5.OfficeTrendbyAgency'!$F16 -> -0.013333333 | I16: =('5.OfficeTrendbyAgency'!$G16-'5.OfficeTrendbyAgency'!$E16)/'5.OfficeTrendbyAgency'!$E16 -> -0.005558301
A17: Department of State** | B17: 36 | C17: 1154038.9 | D17: 36 | E17: 1154038.9 | F17: 33 | G17: 1032814.9 | H17: =('5.OfficeTrendbyAgency'!$F17-'5.OfficeTrendbyAgency'!$D17)/'5.OfficeTrendbyAgency'!$F17 -> -0.090909091 | I17: =('5.OfficeTrendbyAgency'!$G17-'5.OfficeTrendbyAgency'!$E17)/'5.OfficeTrendbyAgency'!$E17 -> -0.10504328
... A25: Navy Department | B25: 2276 | C25: 48153283 | D25: 2279 | E25: 48067926 | F25: 2295 | G25: 48543939 | H25: =('5.OfficeTrendbyAgency'!$F25-'5.OfficeTrendbyAgency'!$D25)/'5.OfficeTrendbyAgency'!$F25 -> 0.0069716776 | I25: =('5.OfficeTrendbyAgency'!$G25-'5.OfficeTrendbyAgency'!$E25)/'5.OfficeTrendbyAgency'!$E25 -> 0.0099029403
A26: United States Agency for International Development** | B26: 1 | C26: 3552.844 | D26: 1 | E26: 3552.844 | F26: 0 | G26: 0 | H26: 0 | I26: =('5.OfficeTrendbyAgency'!$G26-'5.OfficeTrendbyAgency'!$E26)/'5.OfficeTrendbyAgency'!$E26 -> -1
A27: Total | B27: =SUM(B6:B26) -> 30289 | C27: =SUM(C6:C26) -> 5.9872393e+08 | D27: =SUM(D6:D26) -> 30485 | E27: =SUM(E6:E26) -> 6.0108402e+08 | F27: =SUM(F6:F26) -> 27737 | G27: =SUM(G6:G26) -> 5.8488003e+08 | H27: =('5.OfficeTrendbyAgency'!$F27-'5.OfficeTrendbyAgency'!$D27)/'5.OfficeTrendbyAgency'!$F27 -> -0.09907344 | I27: =('5.OfficeTrendbyAgency'!$G27-'5.OfficeTrendbyAgency'!$E27)/'5.OfficeTrendbyAgency'!$E27 -> -0.026957955
A29: † All real property data from the CFO Act agencies required to submit data to the FRPP.
A30: * Includes Federal Government owned, tribally owned, foreign government owned, museum trust, state government owned and leased assets.
A31: * In FY 2025, US Agency for International Development's (USAID) portfolio was under the control of the Department of State (State) and was reported by State. State has either absorbed, terminated agreements, or is still in process of transferring the USAID portfolio to State. USAID's FY 2025 results will appear as null and they will be included in State's results.
A32: Note the following agencies exclusively acquire and occupy real estate through GSA: Department of Education, Department of Housing and Urban Development, National Science Foundation (NSF), Nuclear Regulatory Commission, Office of Personnel Management, Small Business Administration, and Social Security Administration. Consequently, these agencies do not report any real property assets to the FRPP system; these assets are reported by GSA. The FRPP data that NSF had reported was space that is controlled by organizations awarded grants by NSF. This space is not controlled by NSF nor occupied by NSF employees. In 2016, there was a mutual agreement between NSF, GSA, and OMB that NSF would no longer report data to the FRPP.

Sheet 6.WarehouseTrendbyAgency
A1: Table 6: FY 2023 - FY 2025 U.S. and U.S. Territories - Warehouse Square Footage Trend by Agency†*
B3: Warehouse
B4: FY 2023 | D4: FY 2024 | F4: FY 2025 | H4: FY 2024 - FY 2025
A5: Department or Agency | B5: Number of Assets | C5: Square Feet | D5: Number of Assets | E5: Square Feet | F5: Number of Assets | G5: Square Feet | H5: Number of Assets | I5: Square Feet
A6: Air Force Department | B6: 5221 | C6: 29121842 | D6: 5236 | E6: 28774366 | F6: 5316 | G6: 28737634 | H6: =('6.WarehouseTrendbyAgency'!$F6-'6.WarehouseTrendbyAgency'!$D6)/'6.WarehouseTrendbyAgency'!$D6 -> 0.015278839 | I6: =('6.WarehouseTrendbyAgency'!$G6-'6.WarehouseTrendbyAgency'!$E6)/'6.WarehouseTrendbyAgency'!$E6 -> -0.0012765344
A7: Army Department | B7: 28139 | C7: 1.2793582e+08 | D7: 29620 | E7: 1.3407821e+08 | F7: 28688 | G7: 1.3213995e+08 | H7: =('6.WarehouseTrendbyAgency'!$F7-'6.WarehouseTrendbyAgency'!$D7)/'6.WarehouseTrendbyAgency'!$D7 -> -0.031465226 | I7: =('6.WarehouseTrendbyAgency'!$G7-'6.WarehouseTrendbyAgency'!$E7)/'6.WarehouseTrendbyAgency'!$E7 -> -0.014456179
A8: Corps of Engineers | B8: 268 | C8: 2109512.5 | D8: 267 | E8: 2038781.5 | F8: 253 | G8: 2033152.9 | H8: =('6.WarehouseTrendbyAgency'!$F8-'6.WarehouseTrendbyAgency'!$D8)/'6.WarehouseTrendbyAgency'!$D8 -> -0.052434457 | I8: =('6.WarehouseTrendbyAgency'!$G8-'6.WarehouseTrendbyAgency'!$E8)/'6.WarehouseTrendbyAgency'!$E8 -> -0.0027607765
A9: Dept of War/WHS | B9: 31 | C9: 664709 | D9: 27 | E9: 595675 | F9: 28 | G9: 543727.7 | H9: =('6.WarehouseTrendbyAgency'!$F9-'6.WarehouseTrendbyAgency'!$D9)/'6.WarehouseTrendbyAgency'!$D9 -> 0.037037037 | I9: =('6.WarehouseTrendbyAgency'!$G9-'6.WarehouseTrendbyAgency'!$E9)/'6.WarehouseTrendbyAgency'!$E9 -> -0.087207454
A10: Department of Agriculture | B10: 998 | C10: 3612190 | D10: 999 | E10: 3622395 | F10: 975 | G10: 3564122 | H10: =('6.WarehouseTrendbyAgency'!$F10-'6.WarehouseTrendbyAgency'!$D10)/'6.WarehouseTrendbyAgency'!$D10 -> -0.024024024 | I10: =('6.WarehouseTrendbyAgency'!$G10-'6.WarehouseTrendbyAgency'!$E10)/'6.WarehouseTrendbyAgency'!$E10 -> -0.016086871
A11: Department of Commerce | B11: 68 | C11: 527962 | D11: 66 | E11: 514423 | F11: 66 | G11: 450805 | H11: =('6.WarehouseTrendbyAgency'!$F11-'6.WarehouseTrendbyAgency'!$D11)/'6.WarehouseTrendbyAgency'!$D11 -> 0 | I11: =('6.WarehouseTrendbyAgency'!$G11-'6.WarehouseTrendbyAgency'!$E11)/'6.WarehouseTrendbyAgency'!$E11 -> -0.12366865
A12: Department of Energy | B12: 2902 | C12: 12500159 | D12: 2948 | E12: 12260363 | F12: 2982 | G12: 12458676 | H12: =('6.WarehouseTrendbyAgency'!$F12-'6.WarehouseTrendbyAgency'!$D12)/'6.WarehouseTrendbyAgency'!$D12 -> 0.011533243 | I12: =('6.WarehouseTrendbyAgency'!$G12-'6.WarehouseTrendbyAgency'!$E12)/'6.WarehouseTrendbyAgency'!$E12 -> 0.016175092
A13: Department of Health and Human Services | B13: 216 | C13: 774029.73 | D13: 199 | E13: 950148.83 | F13: 204 | G13: 853642.22 | H13: =('6.WarehouseTrendbyAgency'!$F13-'6.WarehouseTrendbyAgency'!$D13)/'6.WarehouseTrendbyAgency'!$D13 -> 0.025125628 | I13: =('6.WarehouseTrendbyAgency'!$G13-'6.WarehouseTrendbyAgency'!$E13)/'6.WarehouseTrendbyAgency'!$E13 -> -0.10156999
A14: Department of Homeland Security | B14: 1223 | C14: 2844203.4 | D14: 1251 | E14: 2954798.5 | F14: 1334 | G14: 3444658.8 | H14: =('6.WarehouseTrendbyAgency'!$F14-'6.WarehouseTrendbyAgency'!$D14)/'6.WarehouseTrendbyAgency'!$D14 -> 0.066346922 | I14: =('6.WarehouseTrendbyAgency'!$G14-'6.WarehouseTrendbyAgency'!$E14)/'6.WarehouseTrendbyAgency'!$E14 -> 0.16578466
A15: Department of Justice | B15: 318 | C15: 4213381 | D15: 320 | E15: 4557501 | F15: 320 | G15: 4557501 | H15: =('6.WarehouseTrendbyAgency'!$F15-'6.WarehouseTrendbyAgency'!$D15)/'6.WarehouseTrendbyAgency'!$D15 -> 0 | I15: =('6.WarehouseTrendbyAgency'!$G15-'6.WarehouseTrendbyAgency'!$E15)/'6.WarehouseTrendbyAgency'!$E15 -> 0
A16: Department of Labor | B16: 126 | C16: 985015 | D16: 127 | E16: 988979 | F16: 126 | G16: 973624 | H16: =('6.WarehouseTrendbyAgency'!$F16-'6.WarehouseTrendbyAgency'!$D16)/'6.WarehouseTrendbyAgency'!$D16 -> -0.0078740157 | I16: =('6.WarehouseTrendbyAgency'!$G16-'6.WarehouseTrendbyAgency'!$E16)/'6.WarehouseTrendbyAgency'!$E16 -> -0.015526113
A17: Department of State | B17: 21 | C17: 88375.768 | D17: 21 | E17: 88375.768 | F17: 21 | G17: 88375.768 | H17: =('6.WarehouseTrendbyAgency'!$F17-'6.WarehouseTrendbyAgency'!$D17)/'6.WarehouseTrendbyAgency'!$D17 -> 0 | I17: =('6.WarehouseTrendbyAgency'!$G17-'6.WarehouseTrendbyAgency'!$E17)/'6.WarehouseTrendbyAgency'!$E17 -> 0
... A24: Navy Department | B24: 7770 | C24: 73510694 | D24: 7873 | E24: 73830819 | F24: 7830 | G24: 73453836 | H24: =('6.WarehouseTrendbyAgency'!$F24-'6.WarehouseTrendbyAgency'!$D24)/'6.WarehouseTrendbyAgency'!$D24 -> -0.0054617046 | I24: =('6.WarehouseTrendbyAgency'!$G24-'6.WarehouseTrendbyAgency'!$E24)/'6.WarehouseTrendbyAgency'!$E24 -> -0.0051060455
A25: Total | B25: =SUBTOTAL(109,B6:B24) -> 58602 | C25: =SUBTOTAL(109,C6:C24) -> 3.1267337e+08 | D25: =SUBTOTAL(109,D6:D24) -> 60211 | E25: =SUBTOTAL(109,E6:E24) -> 3.1937113e+08 | F25: =SUBTOTAL(109,F6:F24) -> 59308 | G25: =SUBTOTAL(109,G6:G24) -> 3.1751924e+08 | H25: =('6.WarehouseTrendbyAgency'!$F25-'6.WarehouseTrendbyAgency'!$D25)/'6.WarehouseTrendbyAgency'!$D25 -> -0.01499726 | I25: =('6.WarehouseTrendbyAgency'!$G25-'6.WarehouseTrendbyAgency'!$E25)/'6.WarehouseTrendbyAgency'!$E25 -> -0.0057985576
A27: † All real property data from the CFO Act agencies required to submit data to the FRPP.
A28: * Includes Federal Government owned, tribally owned, foreign government owned, museum trust, state government owned and leased assets.
A29: Note the following agencies exclusively acquire and occupy real estate through GSA: Department of Education, Department of Housing and Urban Development, National Science Foundation (NSF), Nuclear Regulatory Commission, Office of Personnel Management, Small Business Administration, and Social Security Administration. Consequently, these agencies do not report any real property assets to the FRPP system; these assets are reported by GSA. The FRPP data that NSF had reported was space that is controlled by organizations awarded grants by NSF. This space is not controlled by NSF nor occupied by NSF employees. In 2016, there was a mutual agreement between NSF, GSA, and OMB that NSF would no longer report data to the FRPP.

Sheet 7.Bldgs
A1: Table 7: FY 2025 U.S. and U.S. Territories Buildings Square Footage (SF) and Costs by Agency†
A3: Department or Agency | B3: Number of Owned Buildings | C3: Owned Square Feet | D3: Owned Annual Costs* | E3: Owned Annual Costs/ Square Feet | F3: Number of Leased Buildings | G3: Leased Square Feet | H3: Leased Annual Costs* | I3: Leased Annual Costs/ Square Foot* | J3: Number of Otherwise Managed Buildings | K3: Otherwise Managed Square Feet** | L3: Otherwise Managed Annual Cost** | M3: Otherwise Managed Annual Costs/ Square Foot** | N3: Total Number of Buildings | O3: Total Square Feet | P3: Total Annual Costs | Q3: Total Annual Operating Costs/ Square Foot
A4: Air Force Department | B4: 32851 | C4: 4.6461701e+08 | D4: 2.8245766e+09 | E4: 6.0793654 | F4: 106 | G4: 4008634.6 | H4: 9914937.7 | I4: 2.4733952 | J4: 93 | K4: 1795848.7 | L4: 10226420 | M4: 5.6944775 | N4: 33050 | O4: 4.704215e+08 | P4: 2.844718e+09 | Q4: 6.0471683
A5: Army Department | B5: 65986 | C5: 6.1922038e+08 | D5: 2.4197612e+09 | E5: 3.9077544 | F5: 4423 | G5: 24272557 | H5: 3.3174657e+08 | I5: 13.667557 | J5: 13645 | K5: 1.1745377e+08 | L5: 6.419694e+08 | M5: 5.46572 | N5: 84054 | O5: 7.609467e+08 | P5: 3.3934771e+09 | Q5: 4.4595464
A6: Corps of Engineers | B6: 759 | C6: 6548822.4 | D6: 29956992 | E6: 4.5744089 | F6: 178 | G6: 1241527.5 | H6: 34886320 | I6: 28.099514 | J6: 0 | K6: 0 | L6: 0 | N6: 937 | O6: 7790349.9 | P6: 64843311 | Q6: 8.3235428
A7: Dept of War/WHS | B7: 118 | C7: 8833897.6 | D7: 63601692 | E7: 7.1997316 | F7: 61 | G7: 4810881 | H7: 3.929964e+08 | I7: 81.68907 | J7: 0 | K7: 0 | L7: 0 | N7: 179 | O7: 13644779 | P7: 4.5659809e+08 | Q7: 33.46321
A8: Department of Agriculture | B8: 19171 | C8: 40121912 | D8: 6.9400006e+08 | E8: 17.297283 | F8: 2949 | G8: 13996067 | H8: 2.9321731e+08 | I8: 20.949979 | J8: 142 | K8: 519145 | L8: 1314738.3 | M8: 2.5325069 | N8: 22262 | O8: 54637124 | P8: 9.8853211e+08 | Q8: 18.092682
A9: Department of Commerce | B9: 440 | C9: 7845025.4 | D9: 94029597 | E9: 11.985888 | F9: 46 | G9: 742507 | H9: 18655896 | I9: 25.125549 | J9: 0 | K9: 0 | L9: 0 | N9: 486 | O9: 8587532.4 | P9: 1.1268549e+08 | Q9: 13.121987
A10: Department of Energy | B10: 12088 | C10: 1.1602476e+08 | D10: 2935998965 | E10: 25.304934 | F10: 44 | G10: 698138 | H10: 18257618 | I10: 26.151875 | J10: 0 | K10: 0 | L10: 0 | N10: 12132 | O10: 1.167229e+08 | P10: 2.9542566e+09 | Q10: 25.309999
A11: Department of Health and Human Services | B11: 2632 | C11: 34078337 | D11: 5.4302534e+08 | E11: 15.93462 | F11: 66 | G11: 1985403.7 | H11: 81880327 | I11: 41.241148 | J11: 0 | K11: 0 | L11: 0 | N11: 2698 | O11: 36063741 | P11: 6.4321588e+08 | Q11: 17.835529
A12: Department of Homeland Security | B12: 8234 | C12: 44698755 | D12: 5.1833589e+08 | E12: 11.596204 | F12: 725 | G12: 5015256.4 | H12: 1.1702586e+08 | I12: 23.333973 | J12: 4 | K12: 3171 | L12: 0 | M12: 0 | N12: 8963 | O12: 49717182 | P12: 6.3536174e+08 | Q12: 12.77952
A13: Department of Justice | B13: 3810 | C13: 70892952 | D13: 5.38075e+08 | E13: 7.5899646 | F13: 50 | G13: 1527268 | H13: 21206785 | I13: 13.885438 | J13: 4 | K13: 10370 | L13: 41883.11 | M13: 4.0388727 | N13: 3864 | O13: 72430590 | P13: 5.5932367e+08 | Q13: 7.7222023
A14: Department of Labor | B14: 2031 | C14: 22035457 | D14: 1.1406114e+08 | E14: 5.1762549 | F14: 210 | G14: 2577941 | H14: 24998234 | I14: 9.6969767 | J14: 0 | K14: 0 | L14: 0 | N14: 2241 | O14: 24613398 | P14: 1.3905938e+08 | Q14: 5.6497431
A15: Department of State | B15: 181 | C15: 5560352 | D15: 59203031 | E15: 10.647353 | F15: 23 | G15: 43914.711 | H15: 2112584 | I15: 48.106522 | J15: 0 | K15: 0 | L15: 0 | N15: 204 | O15: 5604266.7 | P15: 61315615 | Q15: 10.940881
A16: Department of Transportation | B16: 9251 | C16: 19574486 | D16: 3.4747127e+08 | E16: 17.751233 | F16: 1101 | G16: 5938955.3 | H16: 1.3065061e+08 | I16: 21.998921 | J16: 5 | K16: 135 | L16: 0.01 | M16: 7.4074074e-05 | N16: 10357 | O16: 25513576 | P16: 4.7812188e+08 | Q16: 18.7399
A17: Department of Veterans Affairs | B17: 6374 | C17: 157236465 | D17: 2118452571 | E17: 13.473036 | F17: 1563 | G17: 24861306 | H17: 1.0185633e+09 | I17: 40.969823 | J17: 0 | K17: 0 | L17: 0 | N17: 7937 | O17: 182097771 | P17: 3.1370159e+09 | Q17: 17.227097
A18: Department of the Interior | B18: 41356 | C18: 98938421 | D18: 4.063985e+08 | E18: 4.1075903 | F18: 267 | G18: 2510184.4 | H18: 53075958 | I18: 21.144246 | J18: 581 | K18: 1723994.6 | L18: 13091660 | M18: 7.5937944 | N18: 42204 | O18: 1.031726e+08 | P18: 4.7256612e+08 | Q18: 4.5803452
A19: Department of the Treasury | B19: 11 | C19: 4473758 | D19: 1.0067031e+08 | E19: 22.502404 | F19: 53 | G19: 1129815 | H19: 68913126 | I19: 60.995053 | J19: 0 | K19: 0 | L19: 0 | N19: 64 | O19: 5603573 | P19: 1.6958344e+08 | Q19: 30.263447
A20: Environmental Protection Agency | B20: 137 | C20: 3320547 | D20: 52611501 | E20: 15.844227 | F20: 0 | G20: 0 | H20: 0 | J20: 0 | K20: 0 | L20: 0 | N20: 137 | O20: 3320547 | P20: 52611501 | Q20: 15.844227
A21: General Services Administration | B21: 1503 | C21: 2.2945587e+08 | D21: 1.7042724e+09 | E21: 7.4274518 | F21: 6585 | G21: 1.7791822e+08 | H21: 5.9311156e+09 | I21: 33.33619 | J21: 0 | K21: 0 | L21: 0 | N21: 8088 | O21: 4.0737409e+08 | P21: 7.635388e+09 | Q21: 18.74294
A22: National Aeronautics And Space Administration | B22: 2310 | C22: 42630842 | D22: 516090553 | E22: 12.106037 | F22: 11 | G22: 629242 | H22: 8110718 | I22: 12.889664 | J22: 0 | K22: 0 | L22: 0 | N22: 2321 | O22: 43260084 | P22: 524201271 | Q22: 12.117435
A23: Navy Department | B23: 36512 | C23: 4.3648116e+08 | D23: 1.7848099e+09 | E23: 4.089088 | F23: 151 | G23: 4540659.7 | H23: 51516436 | I23: 11.345584 | J23: 308 | K23: 1820930.4 | L23: 10097350 | M23: 5.5451595 | N23: 36971 | O23: 4.4284275e+08 | P23: 1.8464237e+09 | Q23: 4.1694793
A24: Total | B24: =SUM(B4:B23) -> 245755 | C24: =SUM(C4:C23) -> 2.4325892e+09 | D24: =SUM(D4:D23) -> 1.7865402e+10 | E24: ='7.Bldgs'!$D24/'7.Bldgs'!$C24 -> 7.3441921 | F24: =SUM(F4:F23) -> 18612 | G24: =SUM(G4:G23) -> 2.7844848e+08 | H24: =SUM(H4:H23) -> 8.6088446e+09 | I24: ='7.Bldgs'!$H24/'7.Bldgs'!$G24 -> 30.91719 | J24: =SUM(J4:J23) -> 14782 | K24: =SUM(K4:K23) -> 1.2332736e+08 | L24: =SUM(L4:L23) -> 6.7674145e+08 | M24: ='7.Bldgs'!$L24/'7.Bldgs'!$K24 -> 5.4873586 | N24: =SUM(N4:N23) -> 279149 | O24: =SUM(O4:O23) -> 2.8343651e+09 | P24: =SUM(P4:P23) -> 2.7169299e+10 | Q24: ='7.Bldgs'!$P24/'7.Bldgs'!$O24 -> 9.5856737
A26: † All real property data from the CFO Act agencies required to submit data to the FRPP.
A27: *Annual Costs for owned assets is the total of Operating and Maintenance costs; for leased assets, it is the total of Operating costs, Maintenance costs and Rent, in order to capture the full cost of the asset.
A28: ** Otherwise Managed includes state government owned, tribally owned, foreign government owned, and museum trust.
A29: Note: the following agencies exclusively acquire and occupy real estate through GSA: Department of Education, Department of Housing and Urban Development, National Science Foundation (NSF), Nuclear Regulatory Commission, Office of Personnel Management, Small Business Administration, and Social Security Administration. Consequently, these agencies do not report any real property assets to the FRPP system; these assets are reported by GSA. The FRPP data that NSF had reported was space that is controlled by organizations awarded grants by NSF. This space is not controlled by NSF nor occupied by NSF employees. In 2016, there was a mutual agreement between NSF, GSA, and OMB that NSF would no longer report data to the FRPP.

Sheet 8.Utilization
A1: Table 8: FY 2025 U.S. and U.S. Territories - Utilization of Buildings†
B3: Number of Buildings
A4: Buildings Real Property Use | B4: Underutilized | C4: Unutilized | D4: Utilized
A5: Dormitories/Barracks | B5: 688 | C5: 140 | D5: 11373
A6: Family Housing | B6: 142 | C6: 914 | D6: 18716
A7: Hospital | B7: 10 | C7: 7 | D7: 737
A8: Laboratories | B8: 139 | C8: 267 | D8: 9281
A9: Office | B9: 1294 | C9: 373 | D9: 26069
A10: Public Facing Facility | B10: 22 | C10: 0 | D10: 1526
A11: Warehouses | B11: 635 | C11: 993 | D11: 57680
A12: Grand Total | B12: =SUM(B5:B11) -> 2930 | C12: =SUM(C5:C11) -> 2694 | D12: =SUM(D5:D11) -> 125382
A14: † All real property data from the CFO Act agencies required to submit data to the FRPP.

Sheet 9.SFbyState
A1: Table 9: FY 2025 U.S. and U.S. Territories - Total Buildings Square Footage (SF) by State†
A3: State Name | B3: Owned SF | C3: Leased SF | D3: Otherwise Managed SF* | E3: Total SF
A4: Alabama | B4: 52931581 | C4: 4999908 | D4: 3412853.5 | E4: 61344343
A5: Alaska | B5: 39272676 | C5: 1349487.2 | D5: 690485 | E5: 41312648
A6: Arizona | B6: 54065154 | C6: 4332885 | D6: 1365513 | E6: 59763552
A7: Arkansas | B7: 19864971 | C7: 1507608 | D7: 3205431 | E7: 24578010
A8: California | B8: 2.5112237e+08 | C8: 19960356 | D8: 4224439.5 | E8: 2.7530717e+08
A9: Colorado | B9: 53913054 | C9: 7395572.5 | D9: 1106326.2 | E9: 62414953
A10: Connecticut | B10: 9047068 | C10: 263079 | D10: 1383068 | E10: 10693215
A11: Delaware | B11: 5695430.3 | C11: 472620.75 | D11: 716289 | E11: 6884340
A12: District Of Columbia | B12: 67799248 | C12: 17238782 | D12: 0 | E12: 85038030
A13: Florida | B13: 1.0143215e+08 | C13: 13091743 | D13: 4704299.9 | E13: 1.192282e+08
A14: Georgia | B14: 1.105262e+08 | C14: 7325084.5 | D14: 1839338.1 | E14: 1.1969063e+08
A15: Hawaii | B15: 48141527 | C15: 1111527 | D15: 1251311.6 | E15: 50504366
... A55: Wyoming | B55: 12074151 | C55: 790962.55 | D55: 1758433.9 | E55: 14623547
A56: Total SF | B56: =SUBTOTAL(109,B4:B55) -> 2.4325892e+09 | C56: =SUBTOTAL(109,C4:C55) -> 2.7844848e+08 | D56: =SUBTOTAL(109,D4:D55) -> 1.2250719e+08 | E56: =SUBTOTAL(109,E4:E55) -> 2.8335449e+09
A58: † All real property data from the CFO Act agencies required to submit data to the FRPP.
A59: * Otherwise Managed includes state government owned, tribally owned and museum trust.
A60: ** U.S. Territories are Puerto Rico, U.S. Virgin Islands, Guam, American Samoa, and the Northern Mariana Islands

Sheet 10.StructuresbyAgency
A1: Table 10: FY 2025 U.S. and U.S. Territories - Number of Structures and Costs by Agency†
A3: Department or Agency | B3: Number of Owned Structures | C3: Owned Annual Costs | D3: Number of Leased Structures | E3: Lease Annual Costs* | F3: Number of Otherwise Managed Structures** | G3: Otherwise Managed Annual Costs** | H3: Total Number of Structures | I3: Total Annual Costs
A4: Air Force Department | B4: 87743 | C4: 3.4569441e+09 | D4: 66 | E4: 64867.87 | F4: 760 | G4: 1.3880751e+08 | H4: 88569 | I4: 3.5958165e+09
A5: Army Department | B5: 180983 | C5: 9.1394439e+10 | D5: 433 | E5: 1563977.2 | F5: 93217 | G5: 1.8980265e+08 | H5: 274633 | I5: 9.1585806e+10
A6: Corps of Engineers | B6: 3819 | C6: 5.0764093e+09 | D6: 15 | E6: 206996.37 | F6: 0 | G6: 0 | H6: 3834 | I6: 5.0766163e+09
A7: Dept of War/WHS | B7: 899 | C7: 7110301.4 | D7: 9 | E7: 0 | F7: 2 | G7: 68956.24 | H7: 910 | I7: 7179257.7
A8: Department of Agriculture | B8: 19867 | C8: 4.2842301e+08 | D8: 59 | E8: 81930.25 | F8: 61 | G8: 95363.78 | H8: 19987 | I8: 4.2860031e+08
A9: Department of Commerce | B9: 153 | C9: 12456487 | D9: 571 | E9: 15990915 | F9: 0 | G9: 0 | H9: 724 | I9: 28447402
A10: Department of Energy | B10: 8397 | C10: 612580166 | D10: 1 | E10: 0 | F10: 0 | G10: 0 | H10: 8398 | I10: 612580166
A11: Department of Health and Human Services | B11: 359 | C11: 5512458.5 | D11: 0 | E11: 0 | F11: 0 | G11: 0 | H11: 359 | I11: 6204259.5
A12: Department of Homeland Security | B12: 36339 | C12: 1.7790255e+08 | D12: 1624 | E12: 38867647 | F12: 0 | G12: 0 | H12: 37963 | I12: 2.167702e+08
A13: Department of Justice | B13: 514 | C13: 1970199 | D13: 0 | E13: 0 | F13: 1 | G13: 0 | H13: 515 | I13: 1970199
A14: Department of Labor | B14: 2468 | C14: 1801992 | D14: 32 | E14: 67642.941 | F14: 0 | G14: 0 | H14: 2500 | I14: 1869635
A15: Department of State | B15: 106 | C15: 22693688 | D15: 0 | E15: 0 | F15: 0 | G15: 0 | H15: 106 | I15: 22693688
... A22: Navy Department | B22: 61293 | C22: 3.967778e+10 | D22: 112 | E22: 23411001 | F22: 499 | G22: 16896684 | H22: 61904 | I22: 3.9718088e+10
A23: Total | B23: =SUM(B4:B22) -> 509126 | C23: =SUM(C4:C22) -> 1.4256962e+11 | D23: =SUM(D4:D22) -> 3128 | E23: =SUM(E4:E22) -> 1.2353568e+08 | F23: =SUBTOTAL(109,F4:F22) -> 95259 | G23: =SUBTOTAL(109,G4:G22) -> 3.519684e+08 | H23: =SUBTOTAL(109,H4:H22) -> 607513 | I23: =SUBTOTAL(109,I4:I22) -> 1.4304581e+11
A25: † All real property data from the CFO Act agencies required to submit data to the FRPP.
A26: * Includes operations and maintenance costs and rent.
A27: ** Otherwise Managed includes state government owned, tribally owned, foreign government owned, and museum trust.
A28: Note: the following agencies exclusively acquire and occupy real estate through GSA: Department of Education, Department of Housing and Urban Development, National Science Foundation (NSF), Nuclear Regulatory Commission, Office of Personnel Management, Small Business Administration, and Social Security Administration. Consequently, these agencies do not report any real property assets to the FRPP system; these assets are reported by GSA. The FRPP data that NSF had reported was space that is controlled by organizations awarded grants by NSF. This space is not controlled by NSF nor occupied by NSF employees. In 2016, there was a mutual agreement between NSF, GSA, and OMB that NSF would no longer report data to the FRPP.
A29: Note: Annual Cost data captured for owned and leased facilities does not align, making comparisons across categories ineffective. Owned AC only includes operations and maintenance costs, whereas leased AC also includes rent to capture the full cost of the asset.

Sheet 11.StructuresbyUse
A1: Table 11: FY 2025 U.S. and U.S. Territories - Structures Real Property Use by Number and Costs†
A3: Real Property Use | B3: Number of Owned Structures | C3: Owned Annual Costs | D3: Number of Leased Structures | E3: Lease Annual Costs* | F3: Number of Otherwise Managed Structures** | G3: Otherwise Managed Annual Costs**
A4: Airfield Pavements | B4: 7806 | C4: 1.0533705e+09 | D4: 47 | E4: 311603.97 | F4: 1140 | G4: 1.0802866e+08
A5: All Other*** | B5: 96990 | C5: 1.8933075e+09 | D5: 756 | E5: 19091530 | F5: 40286 | G5: 24595734
A6: Communications Systems | B6: 14507 | C6: 1.585679e+08 | D6: 1491 | E6: 30167396 | F6: 1471 | G6: 4463668.8
A7: Flood Control and Navigation | B7: 7459 | C7: 1.2020536e+11 | D7: 8 | E7: 876375.97 | F7: 195 | G7: 2608787.7
A8: Harbors and Ports | B8: 3521 | C8: 1.1775835e+08 | D8: 88 | E8: 9543929.6 | F8: 38 | G8: 390634.79
A9: Industrial (other than buildings) | B9: 2048 | C9: 47782199 | D9: 0 | E9: 0 | F9: 12 | G9: 23677.378
A10: Miscellaneous Military Facilities | B10: 39226 | C10: 3.2928491e+08 | D10: 55 | E10: 927404.55 | F10: 6410 | G10: 6238462.8
A11: Monuments and Memorials | B11: 7278 | C11: 48628142 | D11: 15 | E11: 286435.87 | F11: 404 | G11: 458608.02
A12: Navigation and Traffic Aids (other than buildings) | B12: 27562 | C12: 2.6295952e+08 | D12: 6 | E12: 16698.66 | F12: 424 | G12: 42857899
A13: Parking Structures | B13: 52343 | C13: 5.5155588e+08 | D13: 392 | E13: 58269619 | F13: 9286 | G13: 43936137
A14: Power Development and Distribution | B14: 1847 | C14: 2.0266291e+09 | D14: 4 | E14: 0 | F14: 0 | G14: 0
A15: Railroads | B15: 1124 | C15: 29475742 | D15: 3 | E15: 0 | F15: 19 | G15: 1106111.7
... A25: Weapons Ranges | B25: 3938 | C25: 36433769 | D25: 14 | E25: 800 | F25: 876 | G25: 1565729.8
A26: Total | B26: =SUM(B4:B25) -> 509126 | C26: =SUM(C4:C25) -> 1.4256962e+11 | D26: =SUM(D4:D25) -> 3128 | E26: =SUM(E4:E25) -> 1.2353568e+08 | F26: =SUBTOTAL(109,F4:F25) -> 95259 | G26: =SUBTOTAL(109,G4:G25) -> 3.519684e+08
A28: † All real property data from the CFO Act agencies required to submit data to the FRPP.
A29: *Annual Costs for owned assets is the total of Operating and Maintenance costs; for leased assets, it is the total of Operating costs, Maintenance costs and Rent, in order to capture the full cost of the asset.
A30: ** Otherwise Managed includes state government owned, tribally owned, foreign government owned, and museum trust.
A31: *** The All Other category is defined as "structures that cannot be classified elsewhere."

Sheet 12.LandbyAgency
A1: Table 12: FY 2025 U.S. and U.S. Territories - Land Acreage and Costs by Agency†
A3: Department or Agency | B3: Owned Acres | C3: Owned Annual Costs | D3: Leased Acres | E3: Lease Annual Costs* | F3: Number of Otherwise Managed Acres** | G3: Otherwise Managed Annual Costs** | H3: Total Number of Acres | I3: Total Annual Costs
A4: Air Force Department | B4: 1515826.7 | C4: 0 | D4: 88409.8 | E4: 0 | F4: 121127.23 | G4: 0 | H4: 1725363.8 | I4: 0
A5: Army Department | B5: 5345043.3 | C5: 0 | D5: 1236625.2 | E5: 0 | F5: 495024.32 | G5: 0 | H5: 7076692.8 | I5: 0
A6: Corps of Engineers | B6: 7564309 | C6: 49917.96 | D6: 161789.74 | E6: 1025845.9 | F6: 0 | G6: 0 | H6: 7726098.7 | I6: 1075763.9
A7: Dept of War/WHS | B7: 1204.518 | C7: 0 | D7: 0 | E7: 0 | F7: 0 | G7: 0 | H7: 1204.518 | I7: 0
A8: Department of Agriculture | B8: 93640.553 | C8: 0 | D8: 33475.791 | E8: 4311714.9 | F8: 2737.603 | G8: 70 | H8: 129853.95 | I8: 4311784.9
A9: Department of Commerce | B9: 5424.78 | C9: 4774371.2 | D9: 170.381 | E9: 3696125.7 | F9: 0 | G9: 0 | H9: 5595.161 | I9: 8470496.8
A10: Department of Energy | B10: 692778.36 | C10: 4115292 | D10: 4600.345 | E10: 1612587 | F10: 1496256.9 | G10: 74552 | H10: 2193635.6 | I10: 5802431
A11: Department of Health and Human Services | B11: 4713.15 | C11: 0 | D11: 1803.98 | E11: 306424.62 | F11: 0 | G11: 0 | H11: 6517.13 | I11: 306424.62
A12: Department of Homeland Security | B12: 70873.4 | C12: 3924901.6 | D12: 5482.06 | E12: 14992428 | F12: 0 | G12: 0 | H12: 76355.46 | I12: 18917330
A13: Department of Justice | B13: 48135.174 | C13: 239651 | D13: 203 | E13: 2 | F13: 0 | G13: 0 | H13: 48338.174 | I13: 239653
A14: Department of Labor | B14: 3918.33 | C14: 1656382.9 | D14: 1503.35 | E14: 671985.03 | F14: 0 | G14: 0 | H14: 5421.68 | I14: 2328368
A15: Department of State | B15: 146865.33 | C15: 5588711.5 | D15: 0 | E15: 0 | F15: 0 | G15: 0 | H15: 146865.33 | I15: 5588711.5
... A23: Navy Department | B23: 1760566.5 | C23: 0 | D23: 36040.146 | E23: 0 | F23: 40284.676 | G23: 0 | H23: 1836891.3 | I23: 0
A24: Total | B24: =SUM(B4:B23) -> 19493949 | C24: =SUM(C4:C23) -> 1.7467367e+08 | D24: =SUM(D4:D23) -> 1650728.7 | E24: =SUM(E4:E23) -> 48652284 | F24: =SUM(F4:F23) -> 6251970.7 | G24: =SUM(G4:G23) -> 168418.92 | H24: =SUM(H4:H23) -> 27396648 | I24: =SUM(I4:I23) -> 2.2349437e+08
A26: † All real property data from the CFO Act agencies required to submit data to the FRPP.
A27: *Annual Costs for owned assets is the total of Operating and Maintenance costs; for leased assets, it is the total of Operating costs, Maintenance costs and Rent, in order to capture the full cost of the asset.
A28: ** Otherwise Managed includes state government owned, tribally owned, foreign government owned, museum trust, and withdrawn land. This does not include public domain land.
A29: Note: the following agencies exclusively acquire and occupy real estate through GSA: Department of Education, Department of Housing and Urban Development, National Science Foundation (NSF), Nuclear Regulatory Commission, Office of Personnel Management, Small Business Administration, and Social Security Administration. Consequently, these agencies do not report any real property assets to the FRPP system; these assets are reported by GSA. The FRPP data that NSF had reported was space that is controlled by organizations awarded grants by NSF. This space is not controlled by NSF nor occupied by NSF employees. In 2016, there was a mutual agreement between NSF, GSA, and OMB that NSF would no longer report data to the FRPP.

Sheet 13.LandbyState
A1: Table 13: FY 2025 U.S. and U.S. Territories - Total Land Acreage by State†
A3: State Name | B3: Owned Acres | C3: Leased Acres | D3: Otherwise Managed Acres* | E3: Total Acres
A4: Alabama | B4: 194664.49 | C4: 43770.798 | D4: 1517.568 | E4: 239952.85
A5: Alaska | B5: 85930.767 | C5: 14834.821 | D5: 106608.52 | E5: 207374.11
A6: Arizona | B6: 531739.47 | C6: 37942.115 | D6: 877647.26 | E6: 1447328.8
A7: Arkansas | B7: 648834.16 | C7: 4123.221 | D7: 578.09 | E7: 653535.47
A8: California | B8: 1977350.4 | C8: 76812.683 | D8: 393589.2 | E8: 2447752.3
A9: Colorado | B9: 554225.23 | C9: 37631.003 | D9: 220708.8 | E9: 812565.03
A10: Connecticut | B10: 8858.526 | C10: 468.46 | D10: 9.069 | E10: 9336.055
A11: Delaware | B11: 11850.166 | C11: 123.92 | D11: 238.273 | E11: 12212.359
A12: District Of Columbia | B12: 2834.566 | C12: 47.99 | D12: 12.876 | E12: 2895.432
A13: Florida | B13: 615229.47 | C13: 2982.251 | D13: 6527.103 | E13: 624738.83
A14: Georgia | B14: 981149.48 | C14: 3189.516 | D14: 777.531 | E14: 985116.52
A15: Hawaii | B15: 183998.98 | C15: 72657.581 | D15: 1120.716 | E15: 257777.27
... A55: Wyoming | B55: 199665.73 | C55: 4606.005 | D55: 803959.79 | E55: 1008231.5
A56: Total | B56: =SUM(B4:B55) -> 19493949 | C56: =SUM(C4:C55) -> 1650728.7 | D56: =SUM(D4:D55) -> 6251927.5 | E56: =SUM(E4:E55) -> 27396605
A58: † All real property data from the CFO Act agencies required to submit data to the FRPP.
A59: * Otherwise Managed includes state government owned, tribally owned, museum trust, and withdrawn land. This does not include public domain land.
A60: ** U.S Territories are Puerto Rico, U.S. Virgin Islands, Guam, American Samoa, and the Northern Mariana Islands

Sheet 14.Agency Disposition
A1: Table 14: FY 2025 U.S. and U.S. Territories - Number of Dispositions by Agency†
A3: Legal Interest | B3: Department or Agency | C3: Number of Disposed Building Assets | D3: Number of Disposed Land Assets* | E3: Number of Disposed Structure Assets | F3: Total Number of Disposed Assets
A4: Owned | B4: Air Force Department | C4: 9 | D4: 1 | E4: 26 | F4: 36
B5: Army Department | C5: 70 | D5: 43 | E5: 80 | F5: 193
B6: Dept of War/WHS | C6: 7 | D6: 0 | E6: 66 | F6: 73
B7: Department of Agriculture | C7: 216 | D7: 10 | E7: 56 | F7: 282
B8: Department of Commerce | C8: 1 | D8: 0 | E8: 0 | F8: 1
B9: Department of Energy | C9: 104 | D9: 5 | E9: 32 | F9: 141
B10: Department of Homeland Security | C10: 67 | D10: 5 | E10: 222 | F10: 294
B11: Department of Justice | C11: 6 | D11: 0 | E11: 0 | F11: 6
B12: Department of Labor | C12: 14 | D12: 0 | E12: 33 | F12: 47
B13: Department of State | C13: 1 | D13: 1 | E13: 4 | F13: 6
B14: Department of Transportation | C14: 235 | D14: 7 | E14: 2096 | F14: 2338
B15: Department of Veterans Affairs | C15: 70 | D15: 1 | E15: 19 | F15: 90
B16: Department of the Interior | C16: 844 | D16: 8 | E16: 826 | F16: 1678
... B20: Navy Department | C20: 317 | D20: 20 | E20: 780 | F20: 1117
B21: Owned Subtotal | C21: =SUM(C4:C20) -> 2016 | D21: =SUM(D4:D20) -> 101 | E21: =SUM(E4:E20) -> 4263 | F21: =SUM(F4:F20) -> 6380
A22: Otherwise Managed** | B22: Air Force Department | C22: 0 | D22: 1 | E22: 0 | F22: 1
B23: Army Department | C23: 9 | D23: 27 | E23: 76 | F23: 112
B24: Department of Transportation | C24: 0 | D24: 4 | E24: 0 | F24: 4
B25: Department of the Interior | C25: 63 | D25: 3 | E25: 12 | F25: 78
B26: Navy Department | C26: 10 | D26: 1 | E26: 4 | F26: 15
B27: Otherwise Managed Subtotal | C27: =SUM(C22:C26) -> 82 | D27: =SUM(D22:D26) -> 36 | E27: =SUM(E22:E26) -> 92 | F27: =SUM(F22:F26) -> 210
B28: Grand Total | C28: =SUM(C21,C27) -> 2098 | D28: =SUM(D21,D27) -> 137 | E28: =SUM(E21,E27) -> 4355 | F28: =SUM(F21,F27) -> 6590
A30: † All real property data from the CFO Act agencies required to submit data to the FRPP.
A31: * Does not include public domain land.
A32: ** Otherwise Managed includes state government owned, foreign government owned, tribally owned, museum trust, and withdrawn land.
A33: Note: the following agencies exclusively acquire and occupy real estate through GSA: Department of Education, Department of Housing and Urban Development, National Science Foundation (NSF), Nuclear Regulatory Commission, Office of Personnel Management, Small Business Administration, and Social Security Administration. Consequently, these agencies do not report any real property assets to the FRPP system; these assets are reported by GSA. The FRPP data that NSF had reported was space that is controlled by organizations awarded grants by NSF. This space is not controlled by NSF nor occupied by NSF employees. In 2016, there was a mutual agreement between NSF, GSA, and OMB that NSF would no longer report data to the FRPP.

Sheet 15.DispositionUseBldg
A1: Table 15: FY 2025 U.S. and U.S. Territores - Buildings Dispositions by Property Use†
A3: Legal Interest | B3: Real property use | C3: Number of Buildings | D3: Square Feet | E3: Actual Sales Price | F3: Annual Costs
A4: Owned | B4: Communications Systems | C4: 27 | D4: 60768 | F4: 136371.82
B5: Navigation and Traffic Aids | C5: 175 | D5: 54155 | E5: 0 | F5: 1302557.2
B6: Facility Security | C6: 20 | D6: 8304 | F6: 31242.773
B7: Hospital | C7: 2 | D7: 2518 | F7: 26889
B8: Service | C8: 124 | D8: 1145107.2 | E8: 2 | F8: 1283497.5
B9: Museum | C9: 1 | D9: 3312 | F9: 0
B10: Warehouses | C10: 291 | D10: 1060407.7 | E10: 176 | F10: 497094.79
B11: Prisons and Detention Centers | C11: 1 | D11: 126 | F11: 1455
B12: Office | C12: 117 | D12: 1121600 | E12: 141102734 | F12: 4168708.6
B13: Dormitories/Barracks | C13: 62 | D13: 599815 | E13: 319854 | F13: 958692.58
B14: Comfort Station/Restrooms | C14: 221 | D14: 17613.35 | E14: 400 | F14: 9868.409
B15: Laboratories | C15: 61 | D15: 791198 | E15: 0 | F15: 3216766.9
B16: Child Care Center | C16: 2 | D16: 17500 | E16: 0 | F16: 113651.93
B17: Family Housing | C17: 358 | D17: 668434.52 | E17: 84195 | F17: 1130789.7
B18: School | C18: 36 | D18: 272282 | E18: 4138509 | F18: 355765.7
B19: Outpatient Healthcare Facility | C19: 7 | D19: 15009 | F19: 249239
B20: Industrial | C20: 142 | D20: 1102174.4 | E20: 20002 | F20: 532091.83
B21: All Other** | C21: 236 | D21: 463485.66 | E21: 225424 | F21: 1534819.3
B22: Public Facing Facility | C22: 4 | D22: 41065 | E22: 625151 | F22: 557001.08
B23: Other Institutional Uses | C23: 122 | D23: 563117.01 | E23: 2 | F23: 2589417.5
B24: Border/Inspection Station | C24: 3 | D24: 5433 | F24: 16567.96
B25: Courthouse | C25: 3 | D25: 166471.28 | E25: 2600000 | F25: 798228.14
B26: Land Port of Entry | C26: 1 | D26: 90 | F26: 0
B27: Owned Subtotal | C27: =SUM(C4:C26) -> 2016 | D27: =SUM(D4:D26) -> 8179986.1 | E27: =SUM(E4:E26) -> 149116449 | F27: =SUM(F4:F26) -> 19510717
A28: Otherwise Managed** | B28: Warehouses | C28: 5 | D28: 1570 | F28: 0
B29: Industrial | C29: 1 | D29: 85 | F29: 0
B30: Family Housing | C30: 2 | D30: 5008 | F30: 0
B31: Comfort Station/Restrooms | C31: 60 | D31: 1244 | F31: 0
B32: School | C32: 12 | D32: 104843 | E32: 10 | F32: 0
B33: Service | C33: 1 | D33: 4784 | F33: 0
B34: Dormitories/Barracks | C34: 1 | D34: 1813 | F34: 0
B35: Otherwise Managed Subtotal | C35: =SUM(C28:C34) -> 82 | D35: =SUM(D28:D34) -> 119347 | E35: =SUM(E28:E34) -> 10 | F35: =SUM(F28:F34) -> 0
B36: Grand Total | C36: =SUM(C27,C35) -> 2098 | D36: =SUM(D27,D35) -> 8299333.1 | E36: =SUM(E27,E35) -> 149116459 | F36: =SUM(F27,F35) -> 19510717
A38: † All real property data from the CFO Act agencies required to submit data to the FRPP.
A39: * The All Other category is defined as buildings that cannot be classified elsewhere.
A40: ** Otherwise Managed includes state government owned, foreign government owned, tribally owned, museum trust, and withdrawn land.
A41: Note: Blank cells represent instances where agencies did not report data.

Sheet 16.DispositionMethodBldg
A1: Table 16: FY 2025 U.S. and U.S. Territories - Buildings Dispositions by Method†
A3: Legal Interest | B3: Disposition Method | C3: Number of Buildings | D3: Square Feet | E3: Actual Sales Price | F3: Annual Costs
A4: Owned | B4: Negotiated Sale | C4: 2 | D4: 55271 | E4: 3675000 | F4: 79255.839
B5: Public Airports | C5: 1 | D5: 790 | F5: 0
B6: Loss due to Deterioration | C6: 24 | D6: 17545 | F6: 72942.217
B7: Other | C7: 726 | D7: 832078.11 | F7: 2756466.3
B8: Reversion to Prior Owner | C8: 49 | D8: 40238 | F8: 1531.694
B9: Law Enforcement and Emergency Management Response | C9: 1 | D9: 1204 | F9: 2711.05
B10: Public Sale | C10: 9 | D10: 151804 | E10: 8183804 | F10: 2452008.3
B11: Sale | C11: 76 | D11: 602960.96 | E11: 137257645 | F11: 3743951.5
B12: Loss due to Disaster | C12: 42 | D12: 585653.38 | F12: 361427.12
B13: Demolition | C13: 945 | D13: 3879608.4 | F13: 7637627.2
B14: Public Benefit Conveyance | C14: 71 | D14: 1848851.3 | F14: 1107010.5
B15: Federal Transfer | C15: 44 | D15: 104541 | F15: 720904.48
B16: Abandonment | C16: 16 | D16: 7044 | F16: 4589.07
B17: Exchange | C17: 10 | D17: 52397 | F17: 570291.44
B18: Owned Subtotal | C18: =SUM(C4:C17) -> 2016 | D18: =SUM(D4:D17) -> 8179986.1 | E18: =SUM(E4:E17) -> 149116449 | F18: =SUM(F4:F17) -> 19510717
A19: Otherwise Managed* | B19: Reversion to Prior Owner | C19: 4 | D19: 29079 | F19: 0
B20: Other | C20: 64 | D20: 6625 | F20: 0
B21: Demolition | C21: 13 | D21: 57426 | F21: 0
B22: Sale | C22: 1 | D22: 26217 | E22: 10 | F22: 0
B23: Otherwise Managed Subtotal | C23: =SUM(C19:C22) -> 82 | D23: =SUM(D19:D22) -> 119347 | E23: =SUM(E19:E22) -> 10 | F23: =SUM(F19:F22) -> 0
B24: Grand Total | C24: =SUM(C23,C18) -> 2098 | D24: =SUM(D23,D18) -> 8299333.1 | E24: =SUM(E23,E18) -> 149116459 | F24: =SUM(F23,F18) -> 19510717
A26: † All real property data from the CFO Act agencies required to submit data to the FRPP.
A27: * Otherwise Managed includes state government owned, foreign government owned, tribally owned, museum trust, and withdrawn land.
A28: Note: Blank cells represent instances where agencies did not report data.

Sheet 17.DispositionStruct
A1: Table 17: FY 2025 U.S. and U.S. Territories - Structures Dispositions by Method†
A3: Legal Interest | B3: Disposition Method | C3: Number of Structures | D3: Actual Sales Price | E3: Annual Costs
A4: Owned | B4: Negotiated Sale | C4: 5 | D4: 0 | E4: 0
B5: Loss due to Deterioration | C5: 9 | E5: 8240.44
B6: Other | C6: 3489 | E6: 5174781.8
B7: Reversion to Prior Owner | C7: 1 | E7: 0
B8: Public Sale | C8: 3 | D8: 175 | E8: 0
B9: Sale | C9: 61 | D9: 80101 | E9: 96983.99
B10: Loss due to Disaster | C10: 17 | E10: 9939.63
B11: Demolition | C11: 560 | E11: 4707333.3
B12: Public Benefit Conveyance | C12: 34 | E12: 4345.269
B13: Federal Transfer | C13: 16 | E13: 2620312.9
B14: Abandonment | C14: 67 | E14: 3518.628
B15: Exchange | C15: 1 | E15: 636.3
B16: Owned Subtotal | C16: =SUM(C4:C15) -> 4263 | D16: =SUM(D4:D15) -> 80276 | E16: =SUM(E4:E15) -> 12626092
A17: Otherwise Managed* | B17: Demolition | C17: 17 | E17: 0
B18: Other | C18: 33 | E18: 0
B19: Sale | C19: 5 | D19: 900021 | E19: 0
B20: Reversion to Prior Owner | C20: 37 | E20: 0
B21: Otherwise Managed Subtotal | C21: =SUM(C17:C20) -> 92 | D21: =SUM(D17:D20) -> 900021 | E21: =SUM(E17:E20) -> 0
B22: Grand Total | C22: =SUM(C16,C21) -> 4355 | D22: =SUM(D16,D21) -> 980297 | E22: =SUM(E16,E21) -> 12626092
A24: † All real property data from the CFO Act agencies required to submit data to the FRPP.
A25: * Otherwise Managed includes state government owned, foreign government owned, tribally owned, museum trust, and withdrawn land.
A26: Note: Blank cells represent instances where agencies did not report data.

Sheet 18.DispositionLand
A1: Table 18: FY 2025 U.S. and U.S. Territories - Land Dispositions by Method†
A3: Legal Interest | B3: Disposition Method | C3: Number of Land Parcels | D3: Acres | E3: Actual Sales Price | F3: Annual Costs
A4: Owned | B4: Negotiated Sale | C4: 4 | D4: 114.29 | E4: 0 | F4: 0
B5: Other | C5: 39 | D5: 6281.109 | F5: 5000
B6: Public Parks and Public Recreational Area | C6: 8 | D6: 384.488 | F6: 0
B7: Public Sale | C7: 1 | D7: 18.55 | E7: 10 | F7: 0
B8: Sale | C8: 13 | D8: 183.856 | E8: 5270008 | F8: 0
B9: Federal Transfer | C9: 24 | D9: 554.85 | F9: 119385.14
B10: Exchange | C10: 3 | D10: 26.122 | F10: 0
B11: Public Benefit Conveyance | C11: 9 | D11: 4.62 | F11: 0
B12: Owned Subtotal | C12: =SUM(C4:C11) -> 101 | D12: =SUM(D4:D11) -> 7567.885 | E12: =SUM(E4:E11) -> 5270018 | F12: =SUM(F4:F11) -> 124385.14
A13: Otherwise Managed* | B13: Other | C13: 25 | D13: 730.201 | F13: 0
B14: Sale | C14: 9 | D14: 53.72 | E14: 2 | F14: 0
B15: Law Enforcement and Emergency Management Response | C15: 1 | D15: 2 | F15: 0
B16: Reversion to Prior Owner | C16: 1 | D16: 6.08 | F16: 0
B17: Otherwise Managed Subtotal | C17: =SUM(C13:C16) -> 36 | D17: =SUM(D13:D16) -> 792.001 | E17: =SUM(E13:E16) -> 2 | F17: =SUM(F13:F16) -> 0
B18: Grand Total | C18: =SUM(C12,C17) -> 137 | D18: =SUM(D12,D17) -> 8359.886 | E18: =SUM(E12,E17) -> 5270020 | F18: =SUM(F12,F17) -> 124385.14
A20: † All real property data from the CFO Act agencies required to submit data to the FRPP.
A21: * Otherwise Managed includes state government owned, foreign government owned, tribally owned, museum trust, and withdrawn land. This does not include public domain land.
A22: Note: Blank cells represent instances where agencies did not report data.

Sheet 19.Historic Designation
A1: Table 19: FY 2025 U.S. and U.S. Territories - Historic Designation by Number of Assets†
B3: Number of Assets
A4: Historical Status* | B4: Building | C4: Land | D4: Structure | E4: Total
A5: Evaluated, Not Historic | B5: 29571 | C5: 2185 | D5: 35608 | E5: 67364
A6: Not Evaluated | B6: 196030 | C6: 202069 | D6: 459545 | E6: 857644
A7: National Register Eligible (NRE) | B7: 8462 | C7: 2217 | D7: 5794 | E7: 16473
A8: National Register Listed (NRL) | B8: 7638 | C8: 275 | D8: 4206 | E8: 12119
A9: National Historic Landmark (NHL) | B9: 1820 | C9: 26 | D9: 1359 | E9: 3205
A10: Non-contributing element of NHL/NRL district | B10: 2234 | C10: 12 | D10: 2614 | E10: 4860
A12: † All real property data from the CFO Act agencies required to submit data to the FRPP.
A13: * Historic designation is reported on all owned buildings, structures, and land assets, except those assets that have been evaluated and for which disclosure of historic status is restricted based upon EO 13007 and Section 304 of the National Historic Preservation Act. Generally, properties eligible for listing in the National Register are at least 50 years old. Properties less than 50 years of age must be exceptionally important to be considered eligible for listing.

Sheet 20.HistoricbyState
A1: Table 20: FY 2025 U.S. and U.S. Territories - National Historic Landmark and National Register Listed by State†
B3: Number of Assets*
A4: State | B4: National Historic Landmark (NHL) | C4: National Register Listed (NRL) | D4: Total NHL and NRL Assets
A5: Alabama | B5: 9 | C5: 100 | D5: 109
A6: Alaska | B6: 101 | C6: 181 | D6: 282
A7: Arizona | B7: 537 | C7: 404 | D7: 941
A8: Arkansas | B8: 37 | C8: 211 | D8: 248
A9: California | B9: 226 | C9: 964 | D9: 1190
A10: Colorado | B10: 18 | C10: 274 | D10: 292
A11: Connecticut | B11: 0 | C11: 47 | D11: 47
A12: Delaware | B12: 0 | C12: 9 | D12: 9
A13: District Of Columbia | B13: 37 | C13: 404 | D13: 441
A14: Florida | B14: 24 | C14: 196 | D14: 220
A15: Georgia | B15: 25 | C15: 262 | D15: 287
A16: Hawaii | B16: 82 | C16: 69 | D16: 151
... A56: Wyoming | B56: 125 | C56: 783 | D56: 908
A57: Total | B57: =SUBTOTAL(109,B5:B56) -> 3205 | C57: =SUBTOTAL(109,C5:C56) -> 12119 | D57: =SUBTOTAL(109,D5:D56) -> 15324
A59: † All real property data from the CFO Act agencies required to submit data to the FRPP.
A60: * Historic designation is reported on all owned buildings, structures, and land assets, except those assets that have been evaluated and for which disclosure of historic status is restricted based upon Executive Order 13007 and Section 304 of the National Historic Preservation Act. Generally, properties eligible for listing in the National Register are at least 50 years old. Properties less than 50 years of age must be exceptionally important to be considered eligible for listing.
A61: ** U.S Territories are Puerto Rico, U.S. Virgin Islands, Guam, American Samoa, and the Northern Mariana Islands

Sheet 21.HistoricbyAgency
A1: Table 21: FY 2025 U.S. and U.S. Territories - Historic Designation by Agency†*
B3: Number of Assets
A4: Department or Agency | B4: Evaluated, Not Historic | C4: National Historic Landmark (NHL) | D4: National Register Eligible (NRE) | E4: National Register Listed (NRL) | F4: Non-contributing element of NHL/NRL dist | G4: Not Evaluated
A5: Air Force Department | B5: 0 | C5: 0 | D5: 0 | E5: 0 | F5: 0 | G5: 133596
A6: Army Department | B6: 0 | C6: 0 | D6: 0 | E6: 0 | F6: 0 | G6: 271407
A7: Corps of Engineers | B7: 57 | C7: 1 | D7: 2 | E7: 0 | F7: 2 | G7: 138872
A8: Dept of War/WHS | B8: 0 | C8: 0 | D8: 0 | E8: 0 | F8: 0 | G8: 1029
A9: Department of Agriculture | B9: 3375 | C9: 1 | D9: 2168 | E9: 706 | F9: 77 | G9: 33554
A10: Department of Commerce | B10: 130 | C10: 16 | D10: 44 | E10: 27 | F10: 37 | G10: 508
A11: Department of Energy | B11: 4952 | C11: 4 | D11: 1669 | E11: 36 | F11: 292 | G11: 14354
A12: Department of Health and Human Services | B12: 1882 | C12: 30 | D12: 109 | E12: 10 | F12: 8 | G12: 1108
A13: Department of Homeland Security | B13: 13043 | C13: 12 | D13: 68 | E13: 417 | F13: 197 | G13: 31898
A14: Department of Justice | B14: 828 | C14: 0 | D14: 601 | E14: 10 | F14: 30 | G14: 3032
A15: Department of Labor | B15: 84 | C15: 0 | D15: 15 | E15: 10 | F15: 0 | G15: 4464
A16: Department of State | B16: 272 | C16: 0 | D16: 3 | E16: 0 | F16: 0 | G16: 53
... A24: Navy Department | B24: 0 | C24: 0 | D24: 0 | E24: 0 | F24: 0 | G24: 102339
A25: Total | B25: =SUBTOTAL(109,B5:B24) -> 67364 | C25: =SUBTOTAL(109,C5:C24) -> 3205 | D25: =SUBTOTAL(109,D5:D24) -> 16473 | E25: =SUBTOTAL(109,E5:E24) -> 12119 | F25: =SUBTOTAL(109,F5:F24) -> 4860 | G25: =SUM(G5:G24) -> 857644
A27: † All real property data from the CFO Act agencies required to submit data to the FRPP.
A28: * Historic designation is reported on all owned buildings, structures, and land assets, except those assets that have been evaluated and for which disclosure of historic status is restricted based upon Executive Order 13007 and Section 304 of the National Historic Preservation Act. Generally, properties eligible for listing in the National Register are at least 50 years old. Properties less than 50 years of age must be exceptionally important to be considered eligible for listing.
A29: Note: the following agencies exclusively acquire and occupy real estate through GSA: Department of Education, Department of Housing and Urban Development, National Science Foundation (NSF), Nuclear Regulatory Commission, Office of Personnel Management, Small Business Administration, and Social Security Administration. Consequently, these agencies do not report any real property assets to the FRPP system; these assets are reported by GSA. The FRPP data that NSF had reported was space that is controlled by organizations awarded grants by NSF. This space is not controlled by NSF nor occupied by NSF employees. In 2016, there was a mutual agreement between NSF, GSA, and OMB that NSF would no longer report data to the FRPP.

Sheet 22.Sustainability
A1: Table 22: FY 2025 U.S. and U.S. Territories - Number of Sustainable Buildings by Agency†*
A3: Department or Agency | B3: Number of Sustainable Buildings
A4: Air Force Department | B4: 211
A5: Army Department | B5: 257
A6: Corps of Engineers | B6: 9
A7: Dept of War/WHS | B7: 2
A8: Department of Agriculture | B8: 84
A9: Department of Commerce | B9: 12
A10: Department of Energy | B10: 204
A11: Department of Health and Human Services | B11: 21
A12: Department of Homeland Security | B12: 108
A13: Department of Justice | B13: 62
A14: Department of Labor | B14: 12
A15: Department of State | B15: 1
... A23: Navy Department | B23: 149
A24: Total | B24: =SUM(B4:B23) -> 2100
A26: † All real property data from the CFO Act agencies required to submit data to the FRPP.
A27: * Sustainability is reported for all buildings 25,000 SF or greater; reporting is optional for buildings less than 25,000 SF.
A28: Note: the following agencies exclusively acquire and occupy real estate through GSA: Department of Education, Department of Housing and Urban Development, National Science Foundation (NSF), Nuclear Regulatory Commission, Office of Personnel Management, Small Business Administration, and Social Security Administration. Consequently, these agencies do not report any real property assets to the FRPP system; these assets are reported by GSA. The FRPP data that NSF had reported was space that is controlled by organizations awarded grants by NSF. This space is not controlled by NSF nor occupied by NSF employees. In 2016, there was a mutual agreement between NSF, GSA, and OMB that NSF would no longer report data to the FRPP.

Sheet 23.Status
A1: Table 23: FY 2023 - 2025 U.S. and U.S. Territories - Asset Status by Number of Assets†
A3: Status | B3: FY 2023 | C3: FY 2024 | D3: FY 2025
A4: Cannot Currently be Disposed | B4: 2210 | C4: 2088 | D4: 1695
A5: Critical Mission Need (Buildings)* | B5: 0 | C5: 0 | D5: 36039
A6: Current Mission Need | B6: 1044338 | C6: 1064759 | D6: 1032099
A7: Determination to Dispose | B7: 3005 | C7: 3174 | D7: 3402
A8: Future Mission Need | B8: 28575 | C8: 31158 | D8: 31077
A9: Report of Excess Accepted | B9: 1166 | C9: 596 | D9: 599
A10: Report of Excess Submitted | B10: 121 | C10: 167 | D10: 140
A11: Surplus | B11: 353 | C11: 426 | D11: 2311
A13: † All real property data from the CFO Act agencies required to submit data to the FRPP.
A14: * Critical Mission Need (Buildings) is a status indicator that was added to FRPP in FY 2025. It should be used for buildings that the government needs to own/lease over the long-term to house functions directly required by statute or regulation (i.e., Code of Federal Regulations). Buildings that house functions established solely by agency policy or directive are not mission critical.

Sheet 24.Repair Needs Buildings
A1: Table 24: FY 2025 U.S. and U.S. Territories - Buildings Repair Needs by Agency†*
A3: Department or Agency | B3: Number of Owned Buildings | C3: Owned Buildings Repair Needs | D3: Number of Otherwise Managed Buildings** | E3: Otherwise Managed Buildings Repair Needs**
A4: Air Force Department | B4: 32851 | C4: 2.3013039e+10 | D4: 93 | E4: 7.836813e+08
A5: Army Department | B5: 65986 | C5: 7.5558037e+10 | D5: 13645 | E5: 1.2671074e+10
A6: Corps of Engineers | B6: 759 | C6: 62477686 | D6: 0 | E6: 0
A7: Dept of War/WHS | B7: 118 | C7: 1.8227808e+08 | D7: 0 | E7: 0
A8: Department of Agriculture | B8: 19171 | C8: 3.3558949e+09 | D8: 142 | E8: 9632154.8
A9: Department of Commerce | B9: 440 | C9: 1903439744 | D9: 0 | E9: 0
A10: Department of Energy | B10: 12088 | C10: 10223550578 | D10: 0 | E10: 0
A11: Department of Health and Human Services | B11: 2632 | C11: 5.6816526e+09 | D11: 0 | E11: 0
A12: Department of Homeland Security | B12: 8234 | C12: 9.2583969e+09 | D12: 4 | E12: 0
A13: Department of Justice | B13: 3810 | C13: 1.2615016e+09 | D13: 4 | E13: 28153
A14: Department of Labor | B14: 2031 | C14: 1.3088472e+09 | D14: 0 | E14: 0
A15: Department of State | B15: 181 | C15: 62085593 | D15: 0 | E15: 0
... A23: Navy Department | B23: 36512 | C23: 5.0735711e+10 | D23: 308 | E23: 6.1684173e+08
A24: Total | B24: =SUM(B4:B23) -> 245755 | C24: =SUM(C4:C23) -> 2.407022e+11 | D24: =SUM(D4:D23) -> 14782 | E24: =SUM(E4:E23) -> 1.4155979e+10
A26: † All real property data from the CFO Act agencies required to submit data to the FRPP.
A27: * Repair Needs are only a required data element for owned and otherwise managed assets.
A28: ** Otherwise Managed includes state government owned, foreign government owned, tribally owned, and museum trust.
A29: Note the following agencies exclusively acquire and occupy real estate through GSA: Department of Education, Department of Housing and Urban Development, National Science Foundation (NSF), Nuclear Regulatory Commission, Office of Personnel Management, Small Business Administration, and Social Security Administration. Consequently, these agencies do not report any real property assets to the FRPP system; these assets are reported by GSA. The FRPP data that NSF had reported was space that is controlled by organizations awarded grants by NSF. This space is not controlled by NSF nor occupied by NSF employees. In 2016, there was a mutual agreement between NSF, GSA, and OMB that NSF would no longer report data to the FRPP.

Sheet 25.Repair Needs Structures
A1: Table 25: FY 2025 U.S. and U.S. Territories - Structures Repair Needs by Agency†*
A3: Department or Agency | B3: Number of Owned Buildings | C3: Total Structures Repair Needs | D3: Number of Otherwise Managed Structures** | E3: Otherwise Managed Structures Repair Needs**
A4: Air Force Department | B4: 87743 | C4: 3.4310456e+10 | D4: 760 | E4: 7.817797e+09
A5: Army Department | B5: 180983 | C5: 4.8146794e+10 | D5: 93217 | E5: 5.8807231e+09
A6: Corps of Engineers | B6: 3819 | C6: 2.3513324e+10 | D6: 0 | E6: 0
A7: Dept of War/WHS | B7: 899 | C7: 1.3175129e+08 | D7: 2 | E7: 0.02
A8: Department of Agriculture | B8: 19867 | C8: 2.4206754e+09 | D8: 61 | E8: 808179.94
A9: Department of Commerce | B9: 153 | C9: 721567187 | D9: 0 | E9: 0
A10: Department of Energy | B10: 8397 | C10: 10696234278 | D10: 0 | E10: 0
A11: Department of Health and Human Services | B11: 359 | C11: 5.4094502e+08 | D11: 0 | E11: 0
A12: Department of Homeland Security | B12: 36339 | C12: 1.0912611e+09 | D12: 0 | E12: 0
A13: Department of Justice | B13: 514 | C13: 1.9670318e+08 | D13: 1 | E13: 0
A14: Department of Labor | B14: 2468 | C14: 13552512 | D14: 0 | E14: 0
A15: Department of State | B15: 106 | C15: 9.665975e+08 | D15: 0 | E15: 0
... A22: Navy Department | B22: 61293 | C22: 6.4340855e+10 | D22: 499 | E22: 8.0001836e+08
A23: Total | B23: =SUM(B4:B22) -> 509126 | C23: =SUM(C4:C22) -> 2.3678051e+11 | D23: =SUM(D4:D22) -> 95259 | E23: =SUM(E4:E22) -> 1.4826221e+10
A25: † All real property data from the CFO Act agencies required to submit data to the FRPP.
A26: * Repair Needs are only a required data element for owned and otherwise managed assets.
A27: ** Otherwise Managed includes state government owned, foreign government owned, tribally owned, and museum trust.
A28: Note: the following agencies exclusively acquire and occupy real estate through GSA: Department of Education, Department of Housing and Urban Development, National Science Foundation (NSF), Nuclear Regulatory Commission, Office of Personnel Management, Small Business Administration, and Social Security Administration. Consequently, these agencies do not report any real property assets to the FRPP system; these assets are reported by GSA. The FRPP data that NSF had reported was space that is controlled by organizations awarded grants by NSF. This space is not controlled by NSF nor occupied by NSF employees. In 2016, there was a mutual agreement between NSF, GSA, and OMB that NSF would no longer report data to the FRPP.

Sheet 26.Replacement Value Buildings
A1: Table 26: FY 2025 U.S. and U.S. Territories - Buildings Replacement Value by Agency†*
A3: Department or Agency | B3: Number of Owned Buildings | C3: Owned Buildings Replacement Value | D3: Number of Otherwise Managed Buildings** | E3: Otherwise Managed Buildings Replacement Value**
A4: Air Force Department | B4: 32851 | C4: 3.7172523e+11 | D4: 93 | E4: 1.0450464e+09
A5: Army Department | B5: 65986 | C5: 473313923198 | D5: 13645 | E5: 85423916472
A6: Corps of Engineers | B6: 759 | C6: 1.1826496e+09 | D6: 0 | E6: 0
A7: Dept of War/WHS | B7: 118 | C7: 1.0591304e+10 | D7: 0 | E7: 0
A8: Department of Agriculture | B8: 19171 | C8: 1.8213001e+10 | D8: 142 | E8: 1.0817069e+08
A9: Department of Commerce | B9: 440 | C9: 6.3453769e+09 | D9: 0 | E9: 0
A10: Department of Energy | B10: 12088 | C10: 220045126234 | D10: 0 | E10: 0
A11: Department of Health and Human Services | B11: 2632 | C11: 2.4624629e+10 | D11: 0 | E11: 0
A12: Department of Homeland Security | B12: 8234 | C12: 2.7764992e+10 | D12: 4 | E12: 3171
A13: Department of Justice | B13: 3810 | C13: 1.8165589e+10 | D13: 4 | E13: 240000
A14: Department of Labor | B14: 2031 | C14: 1.4370661e+10 | D14: 0 | E14: 0
A15: Department of State | B15: 181 | C15: 4.3084532e+09 | D15: 0 | E15: 0
... A23: Navy Department | B23: 36512 | C23: 379882972097 | D23: 308 | E23: 1286554110
A24: Total | B24: =SUM(B4:B23) -> 245755 | C24: =SUM(C4:C23) -> 1.9648059e+12 | D24: =SUM(D4:D23) -> 14782 | E24: =SUM(E4:E23) -> 8.8514767e+10
A26: † All real property data from the CFO Act agencies required to submit data to the FRPP.
A27: * Replacement Value is a required data element only for owned and otherwise managed assets.
A28: ** Otherwise Managed includes state government owned, foreign government owned, tribally owned, and museum trust.
A29: Note: the following agencies exclusively acquire and occupy real estate through GSA: Department of Education, Department of Housing and Urban Development, National Science Foundation (NSF), Nuclear Regulatory Commission, Office of Personnel Management, Small Business Administration, and Social Security Administration. Consequently, these agencies do not report any real property assets to the FRPP system; these assets are reported by GSA. The FRPP data that NSF had reported was space that is controlled by organizations awarded grants by NSF. This space is not controlled by NSF nor occupied by NSF employees. In 2016, there was a mutual agreement between NSF, GSA, and OMB that NSF would no longer report data to the FRPP.

Sheet 27.Replacement Value Structures
A1: Table 27: FY 2025 U.S. and U.S. Territories - Structures Replacement Value by Agency†*
A3: Department or Agency | B3: Number of Owned Buildings | C3: Total Structures Replacement Value | D3: Number of Otherwise Managed Structures** | E3: Otherwise Managed Structures Replacement Value**
A4: Air Force Department | B4: 87743 | C4: 2.5837154e+11 | D4: 760 | E4: 8.4559444e+09
A5: Army Department | B5: 180983 | C5: 1.9188785e+11 | D5: 93217 | E5: 2.5690246e+10
A6: Corps of Engineers | B6: 3819 | C6: 1.0160969e+10 | D6: 0 | E6: 0
A7: Dept of War/WHS | B7: 899 | C7: 7.386932e+08 | D7: 2 | E7: 17478362
A8: Department of Agriculture | B8: 19867 | C8: 4.2842632e+10 | D8: 61 | E8: 7785407.1
A9: Department of Commerce | B9: 153 | C9: 1.4550545e+09 | D9: 0 | E9: 0
A10: Department of Energy | B10: 8397 | C10: 104944563389 | D10: 0 | E10: 0
A11: Department of Health and Human Services | B11: 359 | C11: 2.4112431e+09 | D11: 0 | E11: 0
A12: Department of Homeland Security | B12: 36339 | C12: 1.9449801e+10 | D12: 0 | E12: 0
A13: Department of Justice | B13: 514 | C13: 8.4931068e+08 | D13: 1 | E13: 0.01
A14: Department of Labor | B14: 2468 | C14: 3.8606592e+08 | D14: 0 | E14: 0
A15: Department of State | B15: 106 | C15: 5.8509916e+09 | D15: 0 | E15: 0
... A22: Navy Department | B22: 61293 | C22: 2.9326562e+11 | D22: 499 | E22: 1533743375
A23: Total | B23: =SUM(B4:B22) -> 509126 | C23: =SUM(C4:C22) -> 1.3566389e+12 | D23: =SUM(D4:D22) -> 95259 | E23: =SUM(E4:E22) -> 3.8937203e+10
A25: † All real property data from the CFO Act agencies required to submit data to the FRPP.
A26: * Replacement Value is a required data element only for owned and otherwise managed assets.
A27: ** Otherwise Managed includes state government owned, foreign government owned, tribally owned, and museum trust.
A28: Note: the following agencies exclusively acquire and occupy real estate through GSA: Department of Education, Department of Housing and Urban Development, National Science Foundation (NSF), Nuclear Regulatory Commission, Office of Personnel Management, Small Business Administration, and Social Security Administration. Consequently, these agencies do not report any real property assets to the FRPP system; these assets are reported by GSA. The FRPP data that NSF had reported was space that is controlled by organizations awarded grants by NSF. This space is not controlled by NSF nor occupied by NSF employees. In 2016, there was a mutual agreement between NSF, GSA, and OMB that NSF would no longer report data to the FRPP.

Sheet 28.Key Stats Non CFO
A1: Table 28: FY 2025 - Key Statistics for Non-CFO Act Agencies, U.S. and U.S. Territories
C3: FY 2025
C4: Owned | D4: Leased | E4: Otherwise Managed* | F4: Total
A5: Buildings | B5: Total Number | C5: 3154 | D5: 124 | E5: 9 | F5: 3287
B6: Total Square Feet | C6: 42967926 | D6: 5457500 | E6: 1721219 | F6: 50146645
B7: Total Annual Costs | C7: 2.3954613e+08 | D7: 2.0811794e+08 | E7: 20454803 | F7: 4.6811887e+08
A8: Structures | B8: Total Number | C8: 250 | D8: 0 | E8: 2 | F8: 252
B9: Total Annual Costs | C9: 11488710 | D9: 0 | E9: 253681 | F9: 11742391
A10: Land** | B10: Total Acres | C10: 342264.48 | D10: 79.1 | E10: 25.55 | F10: 342369.13
B11: Total Annual Costs | C11: 18233898 | D11: 433202.86 | E11: 515226.5 | F11: 19182327
A12: Annual Costs*** | B12: Total Annual Costs (Buildings, Structures, Land) | C12: 2.6926874e+08 | D12: 2.0855114e+08 | E12: 21223711 | F12: 4.9904358e+08
A14: * Otherwise Managed includes state government owned, foreign government owned, tribally owned, museum trust, and withdrawn land.
A15: ** Does not include public domain land.
A16: ***Annual Costs for owned assets is the total of Operating and Maintenance costs; for leased assets, it is the total of Operating costs, Maintenance costs and Rent, in order to capture the full cost of the asset.

Sheet 29.CostSF Non CFO
A1: Table 29: FY 2025 - Cost per Square Feet of Buildings for Non-CFO Act Agencies
A3: Fiscal Year | B3: Owned Annual Costs | C3: Owned Square Feet | D3: Owned Annual Costs/ Square Foot | E3: Leased Annual Costs | F3: Leased Square Feet | G3: Leased Annual Costs/ Square Foot* | H3: Otherwise Managed Annual Costs** | I3: Otherwise Managed Square Feet** | J3: Otherwise Managed Annual Costs/ Square Foot**
A4: FY 2025 | B4: 2.3954613e+08 | C4: 42967926 | D4: 5.5749986 | E4: 2.0811794e+08 | F4: 5457500 | G4: 38.134299 | H4: 20454803 | I4: 1721219 | J4: 11.883905
A5: FY 2024 | B5: 2.2560912e+08 | C5: 41221750 | D5: 5.4730602 | E5: 2.3015687e+08 | F5: 6346134 | G5: 36.267257 | H5: 1.3173153e+08 | I5: 13714759 | J5: 9.605093
A6: FY 2023 | B6: 1.635106e+08 | C6: 39632292 | D6: 4.1256912 | E6: 2.0946245e+08 | F6: 5600847 | G6: 37.398352 | H6: 1.4110601e+08 | I6: 13665535 | J6: 10.325685
A8: * Includes operations and maintenance costs and rent.
A9: ** Otherwise Managed includes state government owned, foreign government owned, tribally owned, and museum trust.
A10: Note: Annual Cost data captured for owned and leased facilities does not align, making comparisons across categories ineffective. Annual Costs for owned assets is the total of Operating and Maintenance costs; for leased assets, it is the total of Operating costs, Maintenance costs and Rent, in order to capture the full cost of the asset.

Sheet 30.Bldg Use Non CFO
A1: Table 30: FY 2025 U.S. and U.S. Territories - Buildings Real Property Use by Square Footage and Costs for Non-CFO Act Agencies
A3: Buildings Real Property Use* | B3: Owned Square Feet | C3: Owned&Otherwise Managed Annual Cost | D3: Owned Annual Operating Costs/ Square Foot | E3: Leased Square Feet | F3: Leased Annual Costs | G3: Leased Annual Costs/ Square Foot** | H3: Otherwise Managed Square Feet*** | I3: Otherwise Managed Annual Costs*** | J3: Otherwise Managed Annual Costs/ Square Foot***
A4: All Other**** | B4: 22044059 | C4: 32806165 | D4: 1.4882089 | E4: 18726 | F4: 289013.84 | G4: 15.433827 | H4: 0 | I4: 0
A5: Child Care Center | B5: 30063 | C5: 131602 | D5: 4.3775405 | E5: 0 | F5: 0 | H5: 0 | I5: 0
A6: Comfort Station/Restrooms | B6: 1248 | C6: 20849 | D6: 16.705929 | E6: 0 | F6: 0 | H6: 0 | I6: 0
A7: Communications Systems | B7: 135539 | C7: 222374.43 | D7: 1.6406675 | E7: 0 | F7: 0 | H7: 0 | I7: 0
A8: Dormitories/Barracks | B8: 894107 | C8: 14285403 | D8: 15.977286 | E8: 502329 | F8: 11881774 | G8: 23.65337 | H8: 0 | I8: 0
A9: Family Housing | B9: 2253305 | C9: 13989112 | D9: 6.2082639 | E9: 0 | F9: 0 | H9: 0 | I9: 0
A10: Industrial | B10: 4176 | C10: 0 | D10: 0 | E10: 0 | F10: 0 | H10: 0 | I10: 0
A11: Laboratories | B11: 108490 | C11: 162735 | D11: 1.5 | E11: 0 | F11: 0 | H11: 0 | I11: 0
A12: Museum | B12: 1040706 | C12: 18021469 | D12: 17.31658 | E12: 0 | F12: 0 | H12: 1707094 | I12: 20040169 | J12: 11.739347
A13: Office | B13: 8245313.3 | C13: 70017982 | D13: 8.4918522 | E13: 3634668 | F13: 1.8112994e+08 | G13: 49.833972 | H13: 0 | I13: 0
A14: Other Institutional Uses | B14: 5267360 | C14: 82485459 | D14: 15.659734 | E14: 0 | F14: 0 | H14: 14125 | I14: 414634 | J14: 29.354619
A15: Public Facing Facility | B15: 15629 | C15: 191325 | D15: 12.241666 | E15: 0 | F15: 0 | H15: 0 | I15: 0
A16: School | B16: 120576 | C16: 522404 | D16: 4.3325703 | E16: 0 | F16: 0 | H16: 0 | I16: 0
A17: Service | B17: 79498 | C17: 1675771.5 | D17: 21.079417 | E17: 815 | F17: 49594.74 | G17: 60.852442 | H17: 0 | I17: 0
A18: Warehouses | B18: 2727857 | C18: 5013477.5 | D18: 1.8378813 | E18: 1300962 | F18: 14767608 | G18: 11.351299 | H18: 0 | I18: 0
A19: Total | B19: =SUM(B4:B18) -> 42967926 | C19: =SUM(C4:C18) -> 2.3954613e+08 | D19: ='30.Bldg Use Non CFO'!$C19/'30.Bldg Use Non CFO'!$B19 -> 5.5749986 | E19: =SUM(E4:E18) -> 5457500 | F19: =SUM(F4:F18) -> 2.0811794e+08 | G19: ='30.Bldg Use Non CFO'!$F19/'30.Bldg Use Non CFO'!$E19 -> 38.134299 | H19: =SUBTOTAL(109,H4:H18) -> 1721219 | I19: =SUM(I4:I18) -> 20454803 | J19: ='30.Bldg Use Non CFO'!$I19/'30.Bldg Use Non CFO'!$H19 -> 11.883905
A21: * For detailed definitions of real property use categories of buildings, see FRPP data dictionary, www.gsa.gov/datadictionary.
A22: ** Includes operations and maintenance costs and rent.
A23: *** Otherwise Managed includes state government owned, foreign government owned, tribally owned, and museum trust.
A24: **** The All Other category is defined as "buildings that cannot be classified elsewhere."
A25: Note: Annual Cost data captured for owned and leased facilities does not align, making comparisons across categories ineffective. Annual Costs for owned assets is the total of Operating and Maintenance costs; for leased assets, it is the total of Operating costs, Maintenance costs and Rent, in order to capture the full cost of the asset.

Sheet 31.Key Stats All
A1: Table 31: FY 2025 - Key Statistics for CFO and Non-CFO Act Agencies, U.S. and U.S. Territories
C3: FY 2025
C4: Owned | D4: Leased | E4: Otherwise Managed* | F4: Total
A5: Buildings | B5: Total Number | C5: 248909 | D5: 18736 | E5: 14791 | F5: 282436
B6: Total Square Feet | C6: 2.4755571e+09 | D6: 2.8390598e+08 | E6: 1.2504858e+08 | F6: 2.8845117e+09
B7: Total Annual Costs | C7: 1.8104949e+10 | D7: 8.8169625e+09 | E7: 6.9719625e+08 | F7: 2.7619107e+10
A8: Structures | B8: Total Number | C8: 509376 | D8: 3128 | E8: 95261 | F8: 607765
B9: Total Annual Costs | C9: 1.4258111e+11 | D9: 1.2353568e+08 | E9: 3.5222208e+08 | F9: 1.4305686e+11
A10: Land** | B10: Total Acres | C10: 19836214 | D10: 1650807.8 | E10: 6251996.2 | F10: 27739018
B11: Total Annual Costs | C11: 1.9290757e+08 | D11: 49085487 | E11: 683645.42 | F11: 2.426767e+08
A12: AC*** | B12: Total Annual Costs (Buildings, Structures, Land) | C12: 1.6087896e+11 | D12: 8.9895837e+09 | E12: 1.050102e+09 | F12: 1.7091865e+11
A14: * Otherwise Managed includes state government owned, foreign government owned, tribally owned, museum trust, and withdrawn land.
A15: ** Does not include public domain land.
A16: ***Note: Annual Cost data captured for owned and leased facilities does not align, making comparisons across categories ineffective. Annual Costs for owned assets is the total of Operating and Maintenance costs; for leased assets, it is the total of Operating costs, Maintenance costs and Rent, in order to capture the full cost of the asset.

Sheet 32. Condition Index vs age
A1: Table 32: FY 2023 - FY 2025 Condition Index by Age for Buildings and Structures, U.S. and U.S. Territories
C3: <1901 | E3: 1901-1910 | G3: 1911-1920 | I3: 1921-1930 | K3: 1931-1940 | M3: 1941-1950 | O3: 1951-1960 | Q3: 1961-1970 | S3: 1971-1980 | U3: 1981-1990 | W3: 1991-2000 | Y3: 2001-2010 | AA3: 2011-2020 | AC3: 2021-2030
B4: Fiscal Year | C4: Count | D4: Avg. CI | E4: Count | F4: Avg. CI | G4: Count | H4: Avg. CI | I4: Count | J4: Avg. CI | K4: Count | L4: Avg. CI | M4: Count | N4: Avg. CI | O4: Count | P4: Avg. CI | Q4: Count | R4: Avg. CI | S4: Count | T4: Avg. CI | U4: Count | V4: Avg. CI | W4: Count | X4: Avg. CI | Y4: Count | Z4: Avg. CI | AA4: Count | AB4: Avg. CI | AC4: Count | AD4: Avg. CI
A5: Buildings | B5: FY 2025 | C5: 4657 | D5: 74.56 | E5: 2172 | F5: 76.57 | G5: 2394 | H5: 70.82 | I5: 4014 | J5: 71.22 | K5: 12097 | L5: 70.58 | M5: 35606 | N5: 74.16 | O5: 25796 | P5: 79.51 | Q5: 24412 | R5: 77.38 | S5: 18998 | T5: 78.79 | U5: 27019 | V5: 82.69 | W5: 31135 | X5: 84.9 | Y5: 31938 | Z5: 89.91 | AA5: 20463 | AB5: 90.57 | AC5: 4409 | AD5: 93.15
B6: FY 2024 | C6: 4705 | D6: 75.41 | E6: 2198 | F6: 77.52 | G6: 2435 | H6: 72.64 | I6: 4084 | J6: 73.69 | K6: 12435 | L6: 72.79 | M6: 36371 | N6: 67.86 | O6: 25982 | P6: 79.5 | Q6: 24288 | R6: 78.77 | S6: 19187 | T6: 80.16 | U6: 27409 | V6: 83.97 | W6: 31415 | X6: 86.17 | Y6: 32117 | Z6: 90.86 | AA6: 20361 | AB6: 91.11 | AC6: 3302 | AD6: 90.85
B7: FY 2023 | C7: 4671 | D7: 75.28 | E7: 2197 | F7: 76.57 | G7: 2411 | H7: 72.13 | I7: 4091 | J7: 74.1 | K7: 12140 | L7: 73.05 | M7: 34923 | N7: 76.92 | O7: 25785 | P7: 80.48 | Q7: 24078 | R7: 78.97 | S7: 19134 | T7: 80.61 | U7: 27307 | V7: 83.86 | W7: 31644 | X7: 86.31 | Y7: 32064 | Z7: 91.49 | AA7: 20258 | AB7: 91.32 | AC7: 2391 | AD7: 93.56
A8: Structures | B8: FY 2025 | C8: 7121 | D8: 59.33 | E8: 1732 | F8: 76.71 | G8: 3856 | H8: 72.73 | I8: 3237 | J8: 79.54 | K8: 15503 | L8: 80.12 | M8: 35854 | N8: 64.05 | O8: 37211 | P8: 71.85 | Q8: 45213 | R8: 77.45 | S8: 38517 | T8: 78.77 | U8: 47440 | V8: 78.18 | W8: 73973 | X8: 83.77 | Y8: 84280 | Z8: 88.64 | AA8: 87172 | AB8: 85.99 | AC8: 23250 | AD8: 89.83
B9: FY 2024 | C9: 7247 | D9: 60.02 | E9: 1733 | F9: 76.7 | G9: 3852 | H9: 69.14 | I9: 3295 | J9: 76.43 | K9: 14841 | L9: 78.62 | M9: 35674 | N9: 55.59 | O9: 36793 | P9: 64.38 | Q9: 45133 | R9: 72.95 | S9: 39035 | T9: 74.97 | U9: 47589 | V9: 75.34 | W9: 74142 | X9: 82.85 | Y9: 83897 | Z9: 87.99 | AA9: 86973 | AB9: 85.8 | AC9: 18495 | AD9: 78.38
B10: FY 2023 | C10: 7104 | D10: 60.28 | E10: 1689 | F10: 79.56 | G10: 3696 | H10: 74.7 | I10: 3283 | J10: 80.14 | K10: 14644 | L10: 80.84 | M10: 34345 | N10: 70.08 | O10: 35612 | P10: 76.19 | Q10: 44460 | R10: 81.35 | S10: 38074 | T10: 82.06 | U10: 46676 | V10: 81.99 | W10: 72955 | X10: 85.44 | Y10: 82305 | Z10: 87.9 | AA10: 85342 | AB10: 85.61 | AC10: 13598 | AD10: 91.39

Sheet 32A. Condition index Ratings 
A1: Table 32A: FY 2025 U.S. and U.S. Territories - Condition Index Ratings* by Agency†
B3: Number of Assets
A4: Department or Agency | B4: Excellent >=95 | C4: Good 90-95 | D4: Fair 70-90 | E4: Poor <70 | F4: TOTAL
A5: Air Force Department | B5: 77970 | C5: 10367 | D5: 18656 | E5: 14427 | F5: =SUM(B5:E5) -> 121420
A6: Army Department | B6: 149609 | C6: 26622 | D6: 71096 | E6: 103868 | F6: =SUM(B6:E6) -> 351195
A7: Corps of Engineers | B7: 1671 | C7: 189 | D7: 317 | E7: 2401 | F7: =SUM(B7:E7) -> 4578
A8: Dept of War/WHS | B8: 667 | C8: 16 | D8: 26 | E8: 310 | F8: =SUM(B8:E8) -> 1019
A9: Department of Agriculture | B9: 14081 | C9: 4999 | D9: 8204 | E9: 10380 | F9: =SUM(B9:E9) -> 37664
A10: Department of Commerce | B10: 129 | C10: 21 | D10: 98 | E10: 324 | F10: =SUM(B10:E10) -> 572
A11: Department of Energy | B11: 13301 | C11: 1463 | D11: 1996 | E11: 1449 | F11: =SUM(B11:E11) -> 18209
A12: Department of Health and Human Services | B12: 1832 | C12: 254 | D12: 406 | E12: 499 | F12: =SUM(B12:E12) -> 2991
A13: Department of Homeland Security | B13: 40253 | C13: 905 | D13: 1460 | E13: 1850 | F13: =SUM(B13:E13) -> 44468
A14: Department of Justice | B14: 2851 | C14: 361 | D14: 433 | E14: 684 | F14: =SUM(B14:E14) -> 4329
A15: Department of Labor | B15: 3298 | C15: 428 | D15: 567 | E15: 206 | F15: =SUM(B15:E15) -> 4499
A16: Department of State | B16: 158 | C16: 32 | D16: 62 | E16: 35 | F16: =SUM(B16:E16) -> 287
... A23: Navy Department | B23: 40661 | C23: 9503 | D23: 20236 | E23: 27674 | F23: =SUM(B23:E23) -> 98074
A24: Total | B24: =SUM(B5:B23) -> 442455 | C24: =SUM(C5:C23) -> 73071 | D24: =SUM(D5:D23) -> 156619 | E24: =SUM(E5:E23) -> 184541 | F24: =SUM(B24:E24) -> 856686
A25: † All real property data from agencies required to submit data to the FRPP.
A26: * Condition Index is calculated for all owned buildings and structures.
A27: Note: the following CFO Act agencies exclusively acquire and occupy real estate through GSA: Department of Education, Department of Housing and Urban Development, National Science Foundation (NSF), Nuclear Regulatory Commission, Office of Personnel Management, Small Business Administration, and Social Security Administration. Consequently, these agencies do not report any real property assets to the FRPP system; these assets are reported by GSA. The FRPP data that NSF had reported was space that is controlled by organizations awarded grants by NSF. This space is not controlled by NSF nor occupied by NSF employees. In 2016, there was a mutual agreement between NSF, GSA, and OMB that NSF would no longer report data to the FRPP.

Sheet 33. Lease Expirations Buildings
A1: Table 33: FY 2023 - FY 2025 Building Lease Expirations, U.S. and U.S. Territories
A3: Fiscal Year | B3: Hold Over Lease | C3: Lease expiring within 1 year | D3: Lease expiring within 3 years | E3: Lease expiring within 5 years | F3: Longer term leases
A4: FY 2025 | B4: 6257 | C4: 1614 | D4: 3325 | E4: 2606 | F4: 4810
A5: FY 2024 | B5: 6428 | C5: 2036 | D5: 2758 | E5: 2627 | F5: 5012
A6: FY 2023 | B6: 6337 | C6: 2031 | D6: 2960 | E6: 2346 | F6: 4713

Sheet ESRI_MAPINFO_SHEET
